Cogmind - Beta 11.1 @@@ ROGUE MODE // 2022.06.17 @ 22:18:31 Player: Savant Result: Establishing Free Derelict Territories! Performance ------------- Evolutions (9) 4500 Regions Visited (36) 7200 Robots Destroyed (256) 1280 Value Destroyed (8849) 8849 Prototype IDs (147) 2940 Alien Tech Used (15) 3000 Bonus (32557) 32557 TOTAL SCORE: 60326 Bonus ------- High Alert Combat Kills 91 Follower Combat Kills 2726 Network Hubs Disabled 400 Met Data Miner 300 Met Imprinter 300 Met Warlord at Base 500 MAIN.C Attacked Warlord 500 Built Enhanced Grunts 300 A7 Reached Mainframe 300 Met Warlord at Research 2000 Destroyed MAIN.C Guards 500 Met MAIN.C 5000 Hacked MAIN.C 300 Destroyed MAIN.C Shell 5000 Destroyed MAIN.C 10000 Met Warlord at Command 2000 Win 3000 Friendly Fire -660 Cogmind --------- Core Integrity 1451/1600 Matter 355/425 Energy 950/950 System Corruption 0% Temperature Cool (0) Movement Flying (81) Ox1 Location Free Derelict Territories Parts ------- > --- POWER (2) -------- Backup Power VII Improved Quantum Reactor > --- PROPULSION (7) --- Improved Diametric Drive Improved Diametric Drive Cooled Impulse Thruster Improved Q-thruster Improved Q-thruster Improved Q-thruster Experimental Q-thruster > --- UTILITY (14) ----- 2N-1CE's Frost Array Large Storage Unit Experimental Energy Well Spectral Analyzer Advanced Targeting Computer Precision Energy Filter Advanced Particle Accelerator Advanced Reaction Control System Experimental Propulsion Shielding Experimental Focal Shield Experimental EM Disruption Field Experimental Shield Generator Experimental Hacking Suite Ghost Barrier > --- WEAPON (2) ------- Vortex Cannon > --- INVENTORY (15) --- Experimental Energy Well (140) Core Regenerator Integrity Redistributor Spacefold Activator Microwarp Drive Cooled Nova Cannon Improved Potential Cannon Linear Accelerator Sigix Broadsword Peak State ------------ > --- POWER ------------ Backup Power VII Improved Quantum Reactor > --- PROPULSION ------- Improved Diametric Drive Improved Diametric Drive Cooled Impulse Thruster Improved Q-thruster Improved Q-thruster Improved Q-thruster Experimental Q-thruster > --- UTILITY ---------- 2N-1CE's Frost Array Large Storage Unit Experimental Energy Well Spectral Analyzer Experimental Sensor Array Experimental Signal Interpreter Advanced Transmission Jammer Experimental Propulsion Shielding Experimental Shield Generator Experimental Hacking Suite Experimental Hacking Suite Experimental Hacking Suite Ghost Barrier Spacefold Activator > --- WEAPON ----------- Sigix Broadsword > --- INVENTORY -------- Experimental ECM Suite Advanced Reaction Control System Experimental Focal Shield Experimental EM Disruption Field High-powered Transdimensional Reconstructor Core Regenerator Integrity Redistributor Microwarp Drive Vortex Cannon Vortex Cannon Enhanced Nova Cannon Improved Potential Cannon Neutron Missile Launcher [Rating: 243] Favorites ----------- Power Backup Power VII Engine Cooled Ion Engine Power Core Backup Power VII Reactor Improved Quantum Reactor Propulsion Improved Q-thruster Treads Light Treads Leg Experimental Myomer Leg Wheel Wheel Hover Unit Cooled Antigrav System Flight Unit Improved Q-thruster Utility Experimental Hacking Suite Device Experimental Sensor Array Storage Medium Storage Unit Processor Experimental Signal Interpreter Hackware Experimental Hacking Suite Protection Experimental Propulsion Shielding Artifact Spacefold Activator Weapon Phasing Sabre Energy Gun Improved EM Shotgun Energy Cannon Beam Cannon Ballistic Gun Enhanced Autogun Ballistic Cannon Gauss Cannon Launcher Mini Grenade Launcher Impact Weapon Power Maul Slashing Weapon Phasing Sabre Piercing Weapon Plasma Lance Special Melee Weapon Improved Datajack Build | -11 -10 -10 -9 -9 -9 -8 -8 -7 -7 -7 -7 -6 -6 -6 -6 -6 -5 -5 -5 -5 -5 -4 -4 -4 -4 -4 -4 -4 -4 -3 -3 -2 -2 -2 -1 -1 ------- Run | Scr Mat Min Mat Min Exi Min Mat Fac Low Low Dat Pro Fac Low Low Zio Pro Fac Upp Upp War Pro Fac Was Fac Ext Cet Arc Hub Res Tes Res Qua Sec Acc Com Slots Evolved 18 | . . . 2 . . . 2 2 . . . . 2 . . . . 2 . . . . 2 . . . . . . 2 . 2 . . 2 . Power 1 | . . . . . . . . . . . . . . . . . . . . . . . 1 . . . . . . . . . . . . . Propulsion 5 | . . . . . . . 1 1 . . . . . . . . . . . . . . . . . . . . . 2 . 1 . . . . Utility 12 | . . . 2 . . . 1 1 . . . . 2 . . . . 2 . . . . 1 . . . . . . . . 1 . . 2 . Weapon . | . . . . . . . . . . . . . . . . . . . . . . . . . . . . . . . . . . . . . Parts Attached 475 | 7 19 2 55 4 1 5 53 19 8 1 3 12 24 . 5 1 3 13 2 1 18 1 21 1 14 14 8 3 6 16 17 2 15 55 22 24 Power 14 | 2 1 . 2 . . . . 1 . . . . . . . . . . . . . . 2 . 3 1 . . . . . . . 1 1 . Engine 5 | 2 1 . 2 . . . . . . . . . . . . . . . . . . . . . . . . . . . . . . . . . Core 6 | . . . . . . . . 1 . . . . . . . . . . . . . . 1 . 3 1 . . . . . . . . . . Reactor 3 | . . . . . . . . . . . . . . . . . . . . . . . 1 . . . . . . . . . . 1 1 . Propulsion 81 | 2 13 . 19 2 . 4 16 5 . . . . 3 . . . . 2 . . 6 . . . 2 . . . . 4 1 1 . . 1 . Treads 28 | 1 8 . 9 1 . 2 7 . . . . . . . . . . . . . . . . . . . . . . . . . . . . . Leg 1 | . . . . . . . . . . . . . . . . . . . . . 1 . . . . . . . . . . . . . . . Wheel 28 | 1 5 . 10 1 . 2 9 . . . . . . . . . . . . . . . . . . . . . . . . . . . . . Hover 1 | . . . . . . . . . . . . . . . . . . . . . 1 . . . . . . . . . . . . . . . Flight 23 | . . . . . . . . 5 . . . . 3 . . . . 2 . . 4 . . . 2 . . . . 4 1 1 . . 1 . Utility 253 | 1 4 . 9 1 . . 15 11 6 1 1 6 20 . 1 1 1 9 1 1 7 1 16 1 9 12 3 3 5 8 11 1 10 50 14 13 Device 129 | . . . 3 . . . 6 3 3 1 . 3 7 . 1 . . 2 . . 3 1 4 1 2 12 2 3 5 3 7 1 6 33 8 9 Storage 15 | 1 2 . . . . . 1 1 . . . . . . . . . . . . . . . . 1 . . . . . 3 . 1 1 1 3 Processor 12 | . 1 . 1 . . . 2 1 . . . . 2 . . . . . 1 . . . 1 . 1 . . . . . . . . 1 . 1 Hackware 32 | . . . . . . . . 4 . . . 1 7 . . 1 1 5 . 1 1 . 5 . 2 . . . . 2 1 . 1 . . . Protection 54 | . 1 . 5 1 . . 6 2 3 . 1 2 4 . . . . 2 . . 3 . 6 . 3 . 1 . . 3 . . 1 6 4 . Artifact 11 | . . . . . . . . . . . . . . . . . . . . . . . . . . . . . . . . . 1 9 1 . Weapon 127 | 2 1 2 25 1 1 1 22 2 2 . 2 6 1 . 4 . 2 2 1 . 5 . 3 . . 1 5 . 1 4 5 . 5 4 6 11 Energy Gun 3 | . . 1 1 . . . . . . . . . . . . . . . . . . . . . . . . . 1 . . . . . . . Energy Cannon 26 | . 1 . . . . . 1 . . . . . . . 2 . 1 1 . . 1 . . . . . 3 . . 2 3 . 1 2 3 5 Ballistic Gun 27 | 2 . 1 12 1 . 1 8 . . . . . . . . . . . . . . . . . . . . . . . . . . . . 2 Ballistic Cannon 5 | . . . 1 . . . 4 . . . . . . . . . . . . . . . . . . . . . . . . . . . . . Launcher 12 | . . . 1 . . . 1 . 1 . . 1 1 . 1 . . 1 1 . 3 . 1 . . . . . . . . . . . . . Special Weapon . | . . . . . . . . . . . . . . . . . . . . . . . . . . . . . . . . . . . . . Impact Weapon 8 | . . . 5 . . . . 1 . . 1 . . . . . . . . . . . . . . . . . . . . . 1 . . . Slashing Weapon 36 | . . . 5 . . . 8 . 1 . . 3 . . 1 . 1 . . . 1 . . . . 1 1 . . 2 2 . 3 2 3 2 Piercing Weapon 3 | . . . . . . . . . . . . . . . . . . . . . . . 2 . . . 1 . . . . . . . . . Special Melee Weapon 7 | . . . . . 1 . . 1 . . 1 2 . . . . . . . . . . . . . . . . . . . . . . . 2 Unidentified Prototypes 25 | . . . 3 . . . . . . . . . . . . . . . . . 8 . . . . . 1 1 . 1 5 . 3 2 . 1 Parts Lost 22 | . . 1 2 . . . 5 . . . . 1 3 . 1 . . 1 1 . . . 1 . 2 2 . . . . . . . . . 2 Power 3 | . . . 1 . . . . . . . . . . . . . . . . . . . 1 . . 1 . . . . . . . . . . Propulsion 4 | . . . 1 . . . 3 . . . . . . . . . . . . . . . . . . . . . . . . . . . . . Utility 12 | . . . . . . . 1 . . . . 1 3 . 1 . . 1 1 . . . . . 2 1 . . . . . . . . . 1 Weapon 3 | . . 1 . . . . 1 . . . . . . . . . . . . . . . . . . . . . . . . . . . . 1 Highest Loss Streak 3 | . . 1 1 . . . 3 . . . . 1 1 . 1 . . 1 1 . . . 1 . 2 1 . . . . . . . . . 2 To Critical Strikes . | . . . . . . . . . . . . . . . . . . . . . . . . . . . . . . . . . . . . . Average Slot Usage (%) 96 | . 96 100 99 100 100 100 99 99 100 100 100 99 97 93 91 93 92 93 90 93 94 94 90 94 94 99 99 100 99 97 99 99 96 94 94 96 Engine 3 | . 14 14 11 11 11 11 9 . . . . . . . . . . . . . . . . . . . . . . . . . . . . . Core 4 | . . . . . . . . 6 7 7 7 7 6 6 6 6 6 5 5 5 5 5 4 5 9 9 10 10 10 9 9 8 8 7 3 2 Treads 3 | . 15 14 11 11 11 11 10 . . . . . . . . . . . . . . . . . . . . . . . . . . . . . Wheel 3 | . 12 14 10 10 11 10 16 . . . . . . . . . . . . . . . . . . . . . . . . . . . . . Flight 16 | . . . . . . . . 30 30 30 30 30 25 20 20 20 20 17 17 17 17 17 15 15 17 21 21 21 21 26 28 30 30 30 27 28 Device 8 | . . . 5 . . . 8 6 6 7 5 6 6 6 11 10 6 7 11 11 11 10 9 10 12 15 14 15 15 9 9 16 12 10 18 20 Storage 7 | . 14 14 11 11 11 11 9 7 7 7 7 7 6 6 6 6 6 5 5 5 5 5 5 5 5 5 5 5 5 4 4 4 4 7 7 5 Processor 8 | . 1 14 11 11 11 11 18 8 7 7 7 7 9 13 13 13 6 5 7 5 5 5 5 5 5 10 10 10 10 9 8 4 4 4 7 7 Hackware 16 | . . . . . . . . 21 23 23 23 22 27 20 13 15 25 36 23 28 29 29 30 31 27 21 21 21 21 22 23 21 26 21 16 13 Protection 6 | . 9 . 15 22 22 22 9 . . . 1 . 1 6 6 6 6 1 5 5 4 5 5 5 4 5 5 5 5 3 4 4 4 3 3 7 Energy Cannon 1 | . 13 14 1 . . . . . . . . . . . . . . . . . . . . . . . . . . 1 . 4 1 . . . Ballistic Gun 4 | . 14 13 8 19 11 22 13 . . . . . . . . . . . . . . . . . . . . . . . . . . . . . Launcher 1 | . . . . . . . . . . . . . . 6 5 6 6 4 4 5 5 5 2 . . . . . . . . . . . . . Slashing Weapon 4 | . . . 5 2 . . 2 7 6 7 7 6 6 6 6 6 5 5 5 5 5 5 5 5 5 5 4 5 3 2 3 4 3 3 4 2 Naked Turns . | . . . . . . . . . . . . . . . . . . . . . . . . . . . . . . . . . . . . . Heaviest Build 107 | 13 50 50 65 66 66 66 107 22 21 20 21 21 22 22 23 23 22 32 32 24 24 24 39 36 42 42 56 41 42 40 45 45 45 56 69 86 Greatest Support 71 | 16 40 10 40 10 10 40 22 21 21 21 21 21 27 27 27 27 27 38 38 26 28 27 39 39 42 42 42 42 42 58 46 51 54 71 71 71 Greatest Overweight (x) 10 | . 4 4 6 6 6 6 10 1 . . . . . . . . . . . . . . . . . . 1 . . . . . . . . 1 Average Overweight (x) . | . 1 4 5 6 6 5 4 . . . . . . . . . . . . . . . . . . . . . . . . . . . . . Largest Inventory Capacity 25 | 8 20 20 20 20 20 20 25 25 10 10 10 10 10 10 10 10 10 10 10 10 10 10 10 10 15 15 15 15 15 15 15 15 15 15 15 15 Average Capacity 14 | 7 10 20 20 20 20 20 24 10 10 10 10 10 10 10 10 10 10 10 10 10 10 10 10 10 14 15 15 15 15 15 15 15 15 15 15 15 Most Carried 25 | 4 10 13 20 20 20 20 25 24 10 10 10 10 10 10 10 10 10 10 10 10 10 10 10 10 15 15 15 15 15 15 15 15 15 15 15 15 Average Carried 13 | 2 8 11 19 19 20 19 22 9 9 9 10 9 9 10 9 9 9 9 10 9 9 10 9 9 13 14 14 14 15 14 14 14 14 13 14 14 Final Capacity 25 | 8 20 20 20 20 20 20 25 10 10 10 10 10 10 10 10 10 10 10 10 10 10 10 10 10 15 15 15 15 15 15 15 15 15 15 15 15 Final Carried 25 | 4 10 13 20 20 20 20 25 10 10 10 10 10 10 10 10 10 10 10 10 10 10 10 10 10 15 15 15 15 15 15 15 15 15 15 15 12 Class Distribution -------------------- 35% | Wizard-Sprinter 30% | Mutant 25% | Hacker-Sprinter Dominant Class ---------------- Mutant | -10/Materials Mutant | -10/Mines Mutant | -9/Materials Mutant | -9/Mines Mutant | -9/Exiles Mutant | -8/Mines Mutant | -8/Materials Hacker-Sprinter | -7/Factory Hacker-Sprinter | -7/Lower Caves Hacker-Sprinter | -7/Lower Caves Hacker-Sprinter | -7/Data Miner Hacker-Sprinter | -6/Proximity Caves Hacker-Sprinter | -6/Factory Hacker-Sprinter | -6/Lower Caves Hacker-Sprinter | -6/Lower Caves Hacker-Sprinter | -6/Zion Hacker-Sprinter | -5/Proximity Caves Wizard-Sprinter | -5/Factory Hacker-Sprinter | -5/Upper Caves Wizard-Sprinter | -5/Upper Caves Wizard-Sprinter | -5/Warlord Wizard-Sprinter | -4/Proximity Caves Wizard-Sprinter | -4/Factory Wizard-Sprinter | -4/Waste Wizard-Sprinter | -4/Factory Wizard-Sprinter | -4/Extension Wizard-Sprinter | -4/Cetus Wizard-Sprinter | -4/Archives Wizard-Sprinter | -4/Hub_04(d) Wizard-Sprinter | -3/Research Wizard-Sprinter | -3/Testing Wizard-Sprinter | -2/Research Wizard-Sprinter | -2/Quarantine Wizard-Sprinter | -2/Section 7 Wizard-Scout | -1/Access Wizard-Sprinter | -1/Command Resources | -11 -10 -10 -9 -9 -9 -8 -8 -7 -7 -7 -7 -6 -6 -6 -6 -6 -5 -5 -5 -5 -5 -4 -4 -4 -4 -4 -4 -4 -4 -3 -3 -2 -2 -2 -1 -1 ----------- Run | Scr Mat Min Mat Min Exi Min Mat Fac Low Low Dat Pro Fac Low Low Zio Pro Fac Upp Upp War Pro Fac Was Fac Ext Cet Arc Hub Res Tes Res Qua Sec Acc Com Matter Collected 6720 | 222 425 143 933 80 . 209 994 283 117 100 . 175 190 40 10 48 42 135 35 10 . 57 285 70 137 135 80 30 . 220 99 40 161 643 369 203 Remotely . | . . . . . . . . . . . . . . . . . . . . . . . . . . . . . . . . . . . . . Salvage Created 10749 | . 468 58 1596 134 . 129 1000 279 37 . . 154 473 . . . 31 331 . . . . 447 . 258 1026 106 137 267 335 142 . 241 824 753 1523 Parts 661 | . 41 11 104 8 . 17 54 22 . . . 18 47 . . . 2 21 . . . . 18 . 15 58 4 18 18 21 11 . 14 57 55 27 Haulers Intercepted 10 | . 1 . 6 . . . 1 . . . . . . . . . . . . . . . . . 1 . . . 1 . . . . . . . Recyclers Shooed 2 | . . . . . . 1 . . . . . . . . . . . . . . . . 1 . . . . . . . . . . . . . Parts Field Recycled . | . . . . . . . . . . . . . . . . . . . . . . . . . . . . . . . . . . . . . Retrieved Matter . | . . . . . . . . . . . . . . . . . . . . . . . . . . . . . . . . . . . . . Parts Self-Destructed 32 | . . . . . . . . . . 10 . 18 . . . . 4 . . . . . . . . . . . . . . . . . . . Prevented 4 | . . . . . . . . . 3 . . 1 . . . . . . . . . . . . . . . . . . . . . . . . Kills | -11 -10 -10 -9 -9 -9 -8 -8 -7 -7 -7 -7 -6 -6 -6 -6 -6 -5 -5 -5 -5 -5 -4 -4 -4 -4 -4 -4 -4 -4 -3 -3 -2 -2 -2 -1 -1 ------- Run | Scr Mat Min Mat Min Exi Min Mat Fac Low Low Dat Pro Fac Low Low Zio Pro Fac Upp Upp War Pro Fac Was Fac Ext Cet Arc Hub Res Tes Res Qua Sec Acc Com Combat Hostiles Destroyed 137 | . 14 3 29 3 . 10 22 . 1 . . 3 6 . . . . 4 . . . . 2 . 1 12 1 . . . . . . 10 6 10 Melee 59 | . . . 7 . . . 4 . . . . . 6 . . . . 1 . . . . 2 . 1 12 1 . . . . . . 10 6 9 Guns 55 | . 8 1 20 3 . 10 13 . . . . . . . . . . . . . . . . . . . . . . . . . . . . . Cannons 11 | . 6 2 . . . . 2 . . . . . . . . . . . . . . . . . . . . . . . . . . . . 1 AOE 12 | . . . 2 . . . 3 . 1 . . 3 . . . . . 3 . . . . . . . . . . . . . . . . . . Classes Destroyed 15 | . 6 1 2 . . . 1 2 1 . . . 1 . . . . . . . . . . . . . . . . . . . . . . 1 Worker 5 | . 1 . 1 . . . 1 1 . . . . 1 . . . . . . . . . . . . . . . . . . . . . . . Builder 19 | . . 1 7 . . . . 1 . . . . 5 . . . . 1 . . . . . . . . . . 2 1 . . . 1 . . Tunneler 2 | . . . . . . . . 1 . . . . . . . . . . . . . . . . . . . . 1 . . . . . . . Hauler 10 | . 1 . 6 . . . 1 . . . . . . . . . . . . . . . . . 1 . . . 1 . . . . . . . Recycler 6 | . . . . . . . . 1 . . . . . . . . . 1 . . . . 2 . . . . . . . . . 1 1 . . Minesweeper 3 | . . . . . . . . . 1 . . 1 . . . . 1 . . . . . . . . . . . . . . . . . . . Operator 11 | . 2 . 2 . . . 1 . . . . . 1 . . . . . . . . . . . . . . 4 . . . . 1 . . . Watcher 59 | . 1 . 3 . . . 2 4 . . . 1 4 . . . . 4 . . . . 2 . 3 2 1 . 3 8 3 . 3 5 9 1 Swarmer 62 | . 9 3 10 . . 10 7 . 1 . . 7 4 . . . . 4 . . . . . . 1 . . . . . . . . 6 . . Grunt 27 | . 5 . 8 3 . . 6 . . . . . . . . . . . . . . . . . . 4 . . . . . . . . . 1 Duelist 2 | . . . 1 . . . 1 . . . . . . . . . . . . . . . . . . . . . . . . . . . . . Sentry 23 | . . . 10 . . . 4 . . . . . . . . . . . . . . . . . . 8 . . . . . . . 1 . . Hunter 7 | . . . . . . . 4 . . . . . 1 . . . . . . . . . . . . . . . . . . . . . . 2 Programmer 15 | . . . . . . . . . . . . . 1 . . . . . . . . . 2 . . . . . . . . . . 3 6 3 Behemoth 1 | . . . . . . . . . . . . . . . . . . . . . . . . . . . . . . . . . . . . 1 Cetus Guard 1 | . . . . . . . . . . . . . . . . . . . . . . . . . . . 1 . . . . . . . . . Combat Programmer 2 | . . . . . . . . . . . . . . . . . . . . . . . . . . . . . . . . . . . . 2 Best Kill Streak 6 | . 3 2 6 3 . 4 4 2 1 . . 3 4 . . . 1 3 . . . . 3 . 1 3 2 4 3 2 1 . 2 6 3 3 Combat Bots Only 5 | . 3 2 4 3 . 4 4 . 1 . . 3 4 . . . . 3 . . . . 2 . 1 2 1 . . . . . . 5 3 3 Max Kills in Single Turn 4 | . 1 1 2 2 . 1 2 1 1 . . 4 1 . . . 1 2 . . . . 1 . 1 1 1 1 2 1 1 . 1 1 1 1 Gunslinging 1 | . . . . 1 . . . . . . . . . . . . . . . . . . . . . . . . . . . . . . . . Exploded 3 | . . . 2 . . . 2 . 1 . . 3 . . . . . 2 . . . . . . . . . . . . . . . . . . Melee 1 | . . . 1 . . . 1 . . . . . 1 . . . . 1 . . . . 1 . 1 1 1 . . . . . . 1 1 1 Uniques/NPCs Destroyed 1 | . . . . . . . . . . . . . . . . . . . . . . . . . . . . . . . . . . . . 1 MAIN.C Shell (-1/Command) Combat | -11 -10 -10 -9 -9 -9 -8 -8 -7 -7 -7 -7 -6 -6 -6 -6 -6 -5 -5 -5 -5 -5 -4 -4 -4 -4 -4 -4 -4 -4 -3 -3 -2 -2 -2 -1 -1 -------- Run | Scr Mat Min Mat Min Exi Min Mat Fac Low Low Dat Pro Fac Low Low Zio Pro Fac Upp Upp War Pro Fac Was Fac Ext Cet Arc Hub Res Tes Res Qua Sec Acc Com Damage Taken 8054 | . 394 97 921 59 . 186 1502 29 16 20 . 76 271 . 166 . . 157 168 . . 63 205 . 243 353 63 22 224 . . . 67 1752 193 807 Core 2154 | . 53 27 79 . . 45 202 15 . . . 16 91 . 38 . . 54 . . . 40 . . 88 28 54 22 21 . . . . 1132 125 24 Absorbed by Shields 434 | . . . . . . . . . . . . . . . . . . . . . . . . . . . 18 . . . . . 23 101 5 287 Redirected to Shielding 505 | . 11 . . . . . . . 10 . . . 30 . 18 . . 14 . . . . 20 . 11 34 8 . 73 . . . . 72 . 204 Regen/Repaired (Parts) 2197 | . . . . . . . 320 11 . . . . 23 . . . . 37 . . . . 162 . 289 44 . . . 226 . . 26 513 199 347 Core Remaining (%) 78 | 100 . 68 . . . 69 63 . . . . 95 . . . . 84 . . . . 90 . . . . . . 81 . 100 . . 20 . 90 Volleys Fired 273 | . 36 9 69 5 . 22 85 . 1 . . 3 . . 2 . 3 4 . . . . . . . . 2 . 4 3 2 4 1 4 4 10 Largest 2 | . 2 2 2 2 . 2 2 . 1 . . 1 . . 2 . 1 1 . . . . . . . . 1 . 1 1 1 1 1 1 1 2 Hottest 200 | . 80 110 70 50 . 50 93 . 30 . . 30 . . 128 . 98 98 . . . . . . . . 88 . 88 113 40 40 40 50 120 200 Shots Fired 473 | . 70 18 117 10 . 44 159 . 1 . . 3 . . 3 . 3 4 . . . . . . . . 2 . 4 3 2 4 1 4 4 17 Gun 356 | . 34 9 115 10 . 44 140 . . . . . . . . . . . . . . . . . . . . . 4 . . . . . . . Cannon 105 | . 36 9 . . . . 17 . . . . . . . 2 . 3 1 . . . . . . . . 2 . . 3 2 4 1 4 4 17 Launcher 12 | . . . 2 . . . 2 . 1 . . 3 . . 1 . . 3 . . . . . . . . . . . . . . . . . . Special . | . . . . . . . . . . . . . . . . . . . . . . . . . . . . . . . . . . . . . Kinetic 339 | . 34 7 89 10 . 44 155 . . . . . . . . . . . . . . . . . . . . . . . . . . . . . Thermal 75 | . 36 11 . . . . 2 . . . . . . . 2 . 3 1 . . . . . . . . . . 4 2 2 4 1 . 4 3 Explosive 12 | . . . 2 . . . 2 . 1 . . 3 . . 1 . . 3 . . . . . . . . . . . . . . . . . . Electromagnetic 29 | . . . 26 . . . . . . . . . . . . . . . . . . . . . . . 2 . . 1 . . . . . . Entropic 18 | . . . . . . . . . . . . . . . . . . . . . . . . . . . . . . . . . . 4 . 14 Robot Hit Streak 18 | . 10 3 13 6 . 6 18 . . . . . . . . . . 3 . . . . . . . . 1 . . 2 . . . . . 8 Robot Miss Streak 5 | . 3 3 3 1 . 5 3 . . . . . . . . . . . . . . . . . . . 1 . . . . . . . . 1 Penetration Max . | . . . . . . . . . . . . . . . . . . . . . . . . . . . . . . . . . . . . . Secondary Targets 6 | . . . 3 1 . 1 1 . . . . . . . . . . . . . . . . . . . . . . . . . . . . . Max Gunslinging Chain 1 | . . . 1 1 . 1 1 . . . . . . . . . . . . . . . . . . . . . . . . . . . . . Shots Hit Robots 589 | . 38 6 107 7 4 23 130 12 1 . 1 22 22 . . . 2 10 3 . . . 22 . 8 28 3 4 8 20 4 . 6 28 26 44 Core Hits 275 | . 19 4 52 4 . 11 43 7 1 . . 10 14 . . . 1 8 . . . . 7 . 5 13 3 3 16 7 3 . 2 14 10 18 Critical Kills 1 | . . . 1 . . . . . . . . . . . . . . . . . . . . . . . . . . . . . . . . . Critical Parts Destroyed 6 | . . . 5 . . . . . 1 . . . . . . . . . . . . . . . . . . . . . . . . . . . Critical Strikes 24 | . . . 6 . . . 4 . 1 . . . 1 . . . . 1 . . . . 2 . 1 2 1 . 2 1 . . . . . 2 Destroy 2 | . . . 2 . . . . . . . . . . . . . . . . . . . . . . . . . . . . . . . . . Blast 2 | . . . . . . . 2 . . . . . . . . . . . . . . . . . . . . . . . . . . . . . Smash 5 | . . . 4 . . . . . 1 . . . . . . . . . . . . . . . . . . . . . . . . . . . Sever 8 | . . . . . . . 2 . . . . . 1 . . . . 1 . . . . . . . 1 . . 1 . . . . . . 2 Impale 7 | . . . . . . . . . . . . . . . . . . . . . . . 2 . 1 1 1 . 1 1 . . . . . . Melee Attacks 1020 | . . . 46 . 5 . 39 38 8 14 1 75 61 14 31 1 25 41 12 . . 17 76 . 67 34 4 4 19 77 41 14 24 79 103 50 Impact 52 | . . . 15 . . . . . 6 11 . 20 . . . . . . . . . . . . . . . . . . . . . . . . Slashing 689 | . . . 31 . . . 39 38 2 3 . 34 58 14 31 1 25 41 12 . . 17 30 . 12 6 2 . 6 12 7 14 24 79 103 48 Piercing 247 | . . . . . . . . . . . . . . . . . . . . . . . 46 . 55 28 2 4 13 65 34 . . . . . Sneak Attacks 107 | . . . 12 . 4 . 2 6 1 . 1 21 12 . . . 1 2 . . . . 2 . 2 8 . 4 1 7 3 . 4 6 5 3 Combat Hostiles 11 | . . . . . . . . . . . . . 3 . . . . . . . . . . . . 5 . . . . . . . 1 1 1 Follow-up Attacks 14 | . . . . . . . . . . . . 1 . . . . . . . . . . 1 . 1 3 . . 3 5 . . . . . . Damage Inflicted 30483 | . 593 86 2945 122 . 390 2943 646 159 . . 493 1460 . . . 147 716 148 . . . 1219 . 615 2206 171 425 1172 1584 424 . 743 2983 3096 4997 Guns 3709 | . 209 34 1314 122 . 390 1640 . . . . . . . . . . . . . . . . . . . . . . . . . . . . . Cannons 2896 | . 384 52 . . . . 346 . . . . . . . . . . . . . . . . . . . 64 . . 68 . . . . . 1982 Explosions 2143 | . . . 326 . . . 205 . 61 . . 369 . . . . . 227 . . . . . . . . . . 739 . . . . . . 216 Melee 21735 | . . . 1305 . . . 752 646 98 . . 124 1460 . . . 147 489 148 . . . 1219 . 615 2206 107 425 433 1516 424 . 743 2983 3096 2799 Ramming . | . . . . . . . . . . . . . . . . . . . . . . . . . . . . . . . . . . . . . Kinetic 3647 | . 209 22 958 122 . 390 1946 . . . . . . . . . . . . . . . . . . . . . . . . . . . . . Thermal 1597 | . 384 64 160 . . . 40 . . . . . . . . . . . . . . . . . . . . . . . . . . . . 949 Explosive 1028 | . . . 166 . . . 205 . 61 . . 369 . . . . . 227 . . . . . . . . . . . . . . . . . . Electromagnetic 1227 | . . . 356 . . . . . . . . . . . . . . . . . . . . . . . 64 . 739 68 . . . . . . Impact 592 | . . . 408 . . . . . 98 . . 86 . . . . . . . . . . . . . . . . . . . . . . . . Slashing 15256 | . . . 897 . . . 752 646 . . . 38 1460 . . . 147 489 148 . . . 184 . . 378 38 . 125 333 . . 743 2983 3096 2799 Piercing 5887 | . . . . . . . . . . . . . . . . . . . . . . . 1035 . 615 1828 69 425 308 1183 424 . . . . . Entropic 1249 | . . . . . . . . . . . . . . . . . . . . . . . . . . . . . . . . . . . . 1249 Highest Corruption 3 | . . . . . . . . . . . . . . . . . . . . . . . 1 . 3 . . . 1 . . . . 2 . . Average Corruption 1 | . . . . . . . . . . . . . . . . . . . . . . . 1 . 2 . . . 1 . . . . 1 . . Corruption Purged 6 | . . . . . . . . . . . . . . . . . . . . . . . 1 . 3 . . . . . . . . 2 . . Corruption Blocked . | . . . . . . . . . . . . . . . . . . . . . . . . . . . . . . . . . . . . . Effects 14 | . . . . . . . . . . . . . . . . . . . . . . . 6 . 7 . . . . . . . . 1 . . Message Errors 2 | . . . . . . . . . . . . . . . . . . . . . . . 1 . 1 . . . . . . . . . . . Matter Fused 2 | . . . . . . . . . . . . . . . . . . . . . . . 1 . 1 . . . . . . . . . . . Heat Flow Errors 3 | . . . . . . . . . . . . . . . . . . . . . . . . . 3 . . . . . . . . . . . Energy Discharges 2 | . . . . . . . . . . . . . . . . . . . . . . . 2 . . . . . . . . . . . . . Data Loss (minor) 4 | . . . . . . . . . . . . . . . . . . . . . . . 1 . 2 . . . . . . . . 1 . . Data Loss (major) 1 | . . . . . . . . . . . . . . . . . . . . . . . 1 . . . . . . . . . . . . . Overload Shots . | . . . . . . . . . . . . . . . . . . . . . . . . . . . . . . . . . . . . . Overflow Damage 4459 | . 11 . 221 . . . 23 114 98 . . 59 279 . . . 59 139 . . . . 187 . 69 227 . 62 13 469 34 . 338 750 947 360 Projectiles 123 | . 11 . . . . . 13 . . . . . . . . . . . . . . . . . . . . . . 13 . . . . . 86 Explosions 26 | . . . 3 . . . 10 . . . . 13 . . . . . . . . . . . . . . . . . . . . . . . . Melee 4310 | . . . 218 . . . . 114 98 . . 46 279 . . . 59 139 . . . . 187 . 69 227 . 62 13 456 34 . 338 750 947 274 Knockbacks 4 | . . . . . . . 2 . 1 . . 1 . . . . . . . . . . . . . . . . . . . . . . . . Impact 2 | . . . . . . . . . 1 . . 1 . . . . . . . . . . . . . . . . . . . . . . . . Kinetic 2 | . . . . . . . 2 . . . . . . . . . . . . . . . . . . . . . . . . . . . . . Secondary . | . . . . . . . . . . . . . . . . . . . . . . . . . . . . . . . . . . . . . Self-Inflicted Damage 172 | . . . 40 . . . . . . . . 47 . . 34 . . . . . . . . . . . . . 51 . . . . . . . Shots 5 | . . . 1 . . . . . . . . 1 . . 1 . . . . . . . . . . . . . 2 . . . . . . . Rammed . | . . . . . . . . . . . . . . . . . . . . . . . . . . . . . . . . . . . . . Targets Rammed . | . . . . . . . . . . . . . . . . . . . . . . . . . . . . . . . . . . . . . Kicked . | . . . . . . . . . . . . . . . . . . . . . . . . . . . . . . . . . . . . . Crushed . | . . . . . . . . . . . . . . . . . . . . . . . . . . . . . . . . . . . . . Highest Temperature 246 | . 144 121 134 120 . 111 140 1 . . . . . . 54 . 150 50 . . . . 1 . 197 . . . . 124 184 . . 246 . . Average Temperature 40 | . 41 40 39 65 . 41 29 1 . . . . . . 25 . 77 30 . . . . 1 . 81 . . . . 35 49 . . 46 . . Received Heat Transfer 1203 | . 66 9 285 57 . . 459 18 . 9 . . . . 81 . . 18 36 . . . . . 9 63 9 . . . . . 6 33 . 45 Siege Activations . | . . . . . . . . . . . . . . . . . . . . . . . . . . . . . . . . . . . . . Robots Corrupted 2 | . . . 1 . . . . . . . . . . . . . . . . . . . . . . . . . 1 . . . . . . . Combat Hostiles . | . . . . . . . . . . . . . . . . . . . . . . . . . . . . . . . . . . . . . Parts Fried 10 | . . . 6 . . . . . 1 . . 1 . . . . . . . . . . . . . . 1 . 1 . . . . . . . Impact Corruptions 10 | . . . 5 . . . . . 3 . . 2 . . . . . . . . . . . . . . . . . . . . . . . . Robots Melted . | . . . . . . . . . . . . . . . . . . . . . . . . . . . . . . . . . . . . . Combat Hostiles . | . . . . . . . . . . . . . . . . . . . . . . . . . . . . . . . . . . . . . Parts Melted 4 | . 3 . . . . . . . . . . . . . . . . . . . . . . . . 1 . . . . . . . . . . Heat Transferred 1382 | . 814 148 250 . . . 74 . . . . . . . . . . . . . . . . . . . . . . . . . . . . 96 Parts Sabotaged . | . . . . . . . . . . . . . . . . . . . . . . . . . . . . . . . . . . . . . Parts Stolen . | . . . . . . . . . . . . . . . . . . . . . . . . . . . . . . . . . . . . . Parts Stripped . | . . . . . . . . . . . . . . . . . . . . . . . . . . . . . . . . . . . . . Power Chain Reactions 3 | . . . 3 . . . . . . . . . . . . . . . . . . . . . . . . . . . . . . . . . Missiles Intercepted 5 | . . . . . . . . . . . . . . . . . . . . . . . . . . . . . . . . . . . . 5 Alert | -11 -10 -10 -9 -9 -9 -8 -8 -7 -7 -7 -7 -6 -6 -6 -6 -6 -5 -5 -5 -5 -5 -4 -4 -4 -4 -4 -4 -4 -4 -3 -3 -2 -2 -2 -1 -1 ------- Run | Scr Mat Min Mat Min Exi Min Mat Fac Low Low Dat Pro Fac Low Low Zio Pro Fac Upp Upp War Pro Fac Was Fac Ext Cet Arc Hub Res Tes Res Qua Sec Acc Com Peak Influence 1174 | . 272 194 594 195 . 175 423 277 . . . . 299 . . . . 548 . . . . 127 132 240 542 693 437 1174 719 214 78 269 451 464 410 Initial 615 | . . 5 16 145 . . 9 44 . . . . 109 . . . . 18 . . . . . 11 92 34 303 277 152 615 152 42 43 8 270 188 Average 180 | . 112 33 295 180 . 68 106 143 . . . . 136 . . . . 204 . . . . 62 89 59 134 461 372 482 533 99 54 189 136 306 276 Maximum Alert Level 4 | . 1 . 2 . . . 2 1 . . . . 1 . . . . 2 . . . . . . 1 2 2 2 4 3 1 . 1 2 2 2 Low Security (%) 62 | 100 71 100 28 100 . 100 85 75 . . . . 77 . . . . 52 . . . . 100 100 93 77 . . 14 . 96 100 47 68 12 8 Level 1 26 | . 28 . 52 . . . 12 24 . . . . 22 . . . . 24 . . . . . . 6 17 31 44 26 16 3 . 52 27 78 89 Level 2 10 | . . . 18 . . . 2 . . . . . . . . . . 22 . . . . . . . 4 68 55 37 82 . . . 4 8 2 Level 3 . | . . . . . . . . . . . . . . . . . . . . . . . . . . . . . 9 . . . . . . . Level 4 . | . . . . . . . . . . . . . . . . . . . . . . . . . . . . . 11 . . . . . . . Level 5 . | . . . . . . . . . . . . . . . . . . . . . . . . . . . . . . . . . . . . . High Security . | . . . . . . . . . . . . . . . . . . . . . . . . . . . . . . . . . . . . . Max Security . | . . . . . . . . . . . . . . . . . . . . . . . . . . . . . . . . . . . . . Squads Dispatched 83 | . 6 . 6 . . . 3 3 . . . . 12 . . . . 5 . . . . 6 . 10 . . . 2 3 2 . . 10 11 4 Investigation 36 | . 4 . 3 . . . 2 2 . . . . 5 . . . . 2 . . . . 3 . 3 . . . . 2 1 . . 3 5 1 Extermination 16 | . . . . . . . . . . . . . 1 . . . . 2 . . . . 2 . 3 . . . . 1 1 . . 3 2 1 Reinforcement 24 | . 2 . 3 . . . 1 . . . . . 3 . . . . 1 . . . . 1 . 4 . . . 2 . . . . 4 1 2 Assault . | . . . . . . . . . . . . . . . . . . . . . . . . . . . . . . . . . . . . . Garrison 7 | . . . . . . . . 1 . . . . 3 . . . . . . . . . . . . . . . . . . . . . 3 . Intercept . | . . . . . . . . . . . . . . . . . . . . . . . . . . . . . . . . . . . . . Searches Triggered 2 | . . . . . . . . . . . . . . . . . . 1 . . . . . . . . . . . . . . . . . 1 Data Miner Redirects 10 | . . . . . . . . . . . . . 3 . . . . 1 . . . . . . 1 . . . . 1 . . . 3 . 1 Construction Impeded 4 | . . . 1 . . . . . . . . . . . . . . 1 . . . . . . 1 . . . 1 . . . . . . . Haulers Reinforced 2 | . . . . . . . . . . . . . 1 . . . . . . . . . . . 1 . . . . . . . . . . . Active Scanning Responses . | . . . . . . . . . . . . . . . . . . . . . . . . . . . . . . . . . . . . . Cargo Convoy Interrupts 1 | . . . . . . . . . . . . . . . . . . . . . . . 1 . . . . . . . . . . . . . Stealth | -11 -10 -10 -9 -9 -9 -8 -8 -7 -7 -7 -7 -6 -6 -6 -6 -6 -5 -5 -5 -5 -5 -4 -4 -4 -4 -4 -4 -4 -4 -3 -3 -2 -2 -2 -1 -1 --------- Run | Scr Mat Min Mat Min Exi Min Mat Fac Low Low Dat Pro Fac Low Low Zio Pro Fac Upp Upp War Pro Fac Was Fac Ext Cet Arc Hub Res Tes Res Qua Sec Acc Com Distress Signals 23 | . . . 2 . . . 3 . . . . 1 1 . . . . 3 . . . . . . 1 1 1 . 5 . . 2 . . . 3 Communications Jammed 17 | . . . . . . . . . . . . . . . . . . . . . . . . . . . . . . 7 . 1 . 9 . . Distress Signals 17 | . . . . . . . . . . . . . . . . . . . . . . . . . . . . . . 7 . 1 . 9 . . Times Spotted 378 | . 21 7 46 3 . 12 42 17 2 2 . 4 26 . 8 . 2 24 1 . . 1 14 6 12 23 7 3 12 11 4 1 3 27 18 19 Peak Tracking Total 12 | . 3 3 4 3 . 4 5 5 3 4 . 5 12 . 8 . 3 8 1 . . 1 7 6 3 7 5 2 9 3 2 1 1 10 5 5 Tactical Retreats 57 | . 2 1 2 . . 1 2 5 1 1 . 1 4 . 3 . 1 7 1 . . . 1 1 2 2 . . 5 . . . . 8 6 . Traps | -11 -10 -10 -9 -9 -9 -8 -8 -7 -7 -7 -7 -6 -6 -6 -6 -6 -5 -5 -5 -5 -5 -4 -4 -4 -4 -4 -4 -4 -4 -3 -3 -2 -2 -2 -1 -1 ------- Run | Scr Mat Min Mat Min Exi Min Mat Fac Low Low Dat Pro Fac Low Low Zio Pro Fac Upp Upp War Pro Fac Was Fac Ext Cet Arc Hub Res Tes Res Qua Sec Acc Com Traps Triggered 17 | . 5 . . . . . . 1 . . . . . . . . . 1 . . . . 3 . 1 4 . . . . . . . 1 1 . Indirectly . | . . . . . . . . . . . . . . . . . . . . . . . . . . . . . . . . . . . . . Trap Hack Attempts . | . . . . . . . . . . . . . . . . . . . . . . . . . . . . . . . . . . . . . Triggered . | . . . . . . . . . . . . . . . . . . . . . . . . . . . . . . . . . . . . . Disarmed 27 | . . . . . . . . . . . . . 1 . . . . . . . . . . . 16 . . . . . 6 . . . . 4 Reprogrammed 41 | . . . . . . . . . . . . . 7 . . . . 8 . . . . . . 10 1 . . 4 6 . . 5 . . . Reused 13 | . . . . . . . . . 1 . . 2 . . . . 3 2 . . . . . . 1 . . . . 4 . . . . . . Traps Extracted . | . . . . . . . . . . . . . . . . . . . . . . . . . . . . . . . . . . . . . Installed 24 | . . . . . . . . . 4 . . 10 . . . . 10 . . . . . . . . . . . . . . . . . . . Triggered 26 | . . . . . . . . . 2 . . 2 . . . . 4 3 . . 9 . 1 . 1 . . . . 4 . . . . . . Most Traps Carried 4 | . . . . . . . . . 4 . . 4 . . . . 4 . . . . . . . . . . . . . . . . . . . Machines | -11 -10 -10 -9 -9 -9 -8 -8 -7 -7 -7 -7 -6 -6 -6 -6 -6 -5 -5 -5 -5 -5 -4 -4 -4 -4 -4 -4 -4 -4 -3 -3 -2 -2 -2 -1 -1 ---------- Run | Scr Mat Min Mat Min Exi Min Mat Fac Low Low Dat Pro Fac Low Low Zio Pro Fac Upp Upp War Pro Fac Was Fac Ext Cet Arc Hub Res Tes Res Qua Sec Acc Com Machines Disabled 38 | . . 1 . . . . 2 . . . . 3 . . . . 1 . . . . . . . . 2 . 1 9 . 5 . 6 7 . 1 Max in Single Turn 7 | . . 1 . . . . 1 . . . . 2 . . . . 1 . . . . . . . . . . . 7 . 1 . 1 1 . 1 Garrison Access 16 | . . . . . . . 1 1 . . . . 3 . . . . 4 . . . . 1 . . . . . 1 2 1 . . . 2 . Network Hub 2 | . . . . . . . . . . . . . . . . . . . . . . . . . . . . . 2 . . . . . . . Machines Sabotaged 1 | . . . . . . . . . . . . . 1 . . . . . . . . . . . . . . . . . . . . . . . Garrisons Compromised 1 | . . . . . . . . . . . . . . . . . . . . . . . 1 . . . . . . . . . . . . . Overloaded Fab Kills . | . . . . . . . . . . . . . . . . . . . . . . . . . . . . . . . . . . . . . Hacking | -11 -10 -10 -9 -9 -9 -8 -8 -7 -7 -7 -7 -6 -6 -6 -6 -6 -5 -5 -5 -5 -5 -4 -4 -4 -4 -4 -4 -4 -4 -3 -3 -2 -2 -2 -1 -1 --------- Run | Scr Mat Min Mat Min Exi Min Mat Fac Low Low Dat Pro Fac Low Low Zio Pro Fac Upp Upp War Pro Fac Was Fac Ext Cet Arc Hub Res Tes Res Qua Sec Acc Com Machines Accessed 263 | . 8 . 12 . 1 . 14 12 3 1 4 3 27 1 1 . . 29 . 1 5 . 15 . 19 9 1 . 4 15 15 5 15 19 16 8 Terminals 146 | . 6 . 9 . . . 8 4 1 . . 1 13 . . . . 14 . . . . 8 . 11 7 1 . 3 6 10 5 12 15 6 6 Fabricators 25 | . . . . . . . . 3 . . . 1 4 . . . . 4 . . . . 4 . 3 . . . . 2 1 . . . 3 . Repair Stations 15 | . . . . . . . 1 2 . . . . 2 . . . . 1 . . . . 1 . 2 1 . . . 2 . . . . 2 1 Recycling Units 22 | . 2 . 2 . . . 2 1 . . . 1 3 . . . . 4 . . . . 1 . 1 1 . . . 1 . . . . 2 1 Scanalyzers 21 | . . . 1 . . . 2 1 . . . . 2 . . . . 2 . . . . . . 2 . . . . 2 3 . 3 3 . . Garrison Access 18 | . . . . . . . 1 1 . . . . 3 . . . . 4 . . . . 1 . . . . . 1 2 1 . . 1 3 . Total Hacks 1071 | . 25 . 43 . 1 . 44 29 4 1 26 6 95 1 1 . . 96 . 1 5 . 75 . 112 40 4 . 20 75 83 26 60 84 84 30 Successful 847 | . 14 . 32 . 1 . 34 25 4 1 26 6 78 1 1 . . 92 . 1 5 . 68 . 88 27 1 . 14 53 64 13 55 64 58 21 Failed 222 | . 10 . 11 . . . 10 4 . . . . 17 . . . . 4 . . . . 7 . 24 13 3 . 6 22 19 13 5 20 25 9 Catastrophic 20 | . 2 . . . . . . . . . . . 1 . . . . . . . . . 1 . 2 . . . 2 4 1 4 . 1 1 1 Database Lockouts 2 | . 1 . . . . . . . . . . . . . . . . . . . . . . . . . . . . . . . . . 1 . Manual 466 | . 18 . 25 . . . 13 11 . . . 1 43 . . . . 48 . . 1 . 35 . 39 20 1 . 16 28 30 14 25 49 31 18 Terminals 679 | . 23 . 38 . . . 27 11 1 . . 1 51 . . . . 56 . . . . 47 . 65 29 4 . 19 34 60 26 49 68 47 23 Fabricators 108 | . . . . . . . . 9 . . . 3 16 . . . . 16 . . . . 19 . 19 . . . . 10 4 . . . 12 . Repair Stations 49 | . . . . . . . 4 4 . . . . 4 . . . . 2 . . . . 4 . 6 2 . . . 11 . . . . 9 3 Recycling Units 70 | . 2 . 3 . . . 2 2 . . . 2 10 . . . . 13 . . . . 4 . 4 9 . . . 6 . . . . 9 4 Scanalyzers 103 | . . . 2 . . . 10 2 . . . . 11 . . . . 5 . . . . . . 18 . . . . 11 18 . 11 15 . . Garrison Access 23 | . . . . . . . 1 1 . . . . 3 . . . . 4 . . . . 1 . . . . . 1 3 1 . . 1 7 . Terminal Hacks 401 | . 10 . 19 . 1 . 10 5 4 1 26 1 25 1 1 . . 38 . 1 5 . 34 . 37 15 1 . 9 17 29 13 35 33 22 8 Record 20 | . . . . . 1 . . . 3 . 11 . . . . . . . . . 3 . 1 . . . . . . . . . 1 . . . Part Schematic 51 | . 2 . 1 . . . . 1 . . 9 . 7 . . . . 7 . . . . 7 . . 3 . . . 2 5 3 1 1 2 . Robot Schematic 5 | . . . . . . . . . . . 3 . . . . . . . . . . . . . 1 . . . . 1 . . . . . . Robot Analysis 16 | . 1 . 2 . . . . 1 . . . . 1 . . . . 1 . . . . 3 . 1 1 . . . 1 2 . 1 1 . . Prototype ID Bank 40 | . 3 . 3 . . . 1 1 . . 3 . 1 . . . . 5 . . . . 3 . 5 1 . . 1 1 3 2 3 1 2 1 Open Door 15 | . . . . . . . . . 1 1 . 1 . 1 1 . . . . 1 2 . . . . . 1 . . . . . . 5 . 1 Level Access Points 4 | . . . . . . . . . . . . . . . . . . . . . . . . . . . . . 1 . 1 . 1 1 . . Branch Access Points 8 | . . . 1 . . . 1 . . . . . 1 . . . . 1 . . . . 1 . 1 . . . . 1 . 1 . . . . Machine Index 9 | . . . . . . . . . . . . . 1 . . . . . . . . . 1 . 1 . . . 1 . 1 1 1 1 1 . Terminal Index 9 | . . . 1 . . . . 1 . . . . 1 . . . . . . . . . 1 . . 1 . . 1 . . . . 1 1 1 Fabricator Index 1 | . . . . . . . . . . . . . . . . . . . . . . . . . . . . . . . . . . . 1 . Garrison Index 1 | . . . . . . . . . . . . . . . . . . . . . . . . . . . . . . . . . . . 1 . Alert Level 15 | . . . . . . . 1 . . . . . . . . . . 1 . . . . 3 . 2 1 . . . 2 2 . 1 1 . 1 Unreport Threat 34 | . 3 . 3 . . . 3 . . . . . 1 . . . . 2 . . . . 1 . 3 2 . . . 3 2 1 3 3 4 . Locate Traps 33 | . . . 2 . . . 1 1 . . . . 1 . . . . 5 . . . . 2 . 7 2 . . 1 . 3 . 4 2 1 1 Disarm Traps 6 | . . . . . . . . . . . . . 1 . . . . . . . . . . . 3 . . . . . 1 . . . . 1 Reprogram Traps 12 | . . . . . . . . . . . . . 3 . . . . 2 . . . . . . 2 1 . . 1 1 . . 2 . . . Maintenance Status 4 | . . . . . . . . . . . . . . . . . . . . . . . 1 . . . . . . . . . 3 . . . Security Status 1 | . . . . . . . . . . . . . . . . . . . . . . . . . . . . . . . . . . 1 . . Surveillance Status 1 | . . . 1 . . . . . . . . . . . . . . . . . . . . . . . . . . . . . . . . . Patrol Status 1 | . . . . . . . . . . . . . . . . . . . . . . . . . . . . . . . . . 1 . . . Recall Investigation 13 | . . . . . . . . . . . . . 1 . . . . 2 . . . . 2 . 2 . . . . 2 1 . . . 3 . Recall Extermination 10 | . . . . . . . . . . . . . 1 . . . . 2 . . . . 1 . 2 . . . . 1 1 . . 1 1 . Recall Reinforcements 10 | . . . . . . . . . . . . . . . . . . 1 . . . . 1 . 2 . . . 1 . . . . 4 . 1 Hauler Manifests 6 | . . . 1 . . . 1 . . . . . . . . . . 1 . . . . 1 . . . . . . . 1 . 1 . . . Registered Components 1 | . . . . . . . . . . . . . . . . . . . . . . . . . . . . . . . . . . . 1 . Registered Prototypes 1 | . . . . . . . . . . . . . . . . . . . . . . . . . . . . . . . . 1 . . . . Zone Layout 73 | . 1 . 4 . . . 2 . . . . . 5 . . . . 8 . . . . 5 . 5 3 . . 2 2 6 4 12 10 4 . Disengage Seal 1 | . . . . . . . . . . . . . . . . . . . . . . . . . . . . . . . . . . . . 1 Fabricator Hacks 60 | . . . . . . . . 5 . . . 3 9 . . . . 9 . . . . 10 . 10 . . . . 5 2 . . . 7 . Network Status 8 | . . . . . . . . 1 . . . 1 2 . . . . 1 . . . . 1 . . . . . . 1 . . . . 1 . Load Schematic 29 | . . . . . . . . 3 . . . 1 4 . . . . 4 . . . . 6 . 5 . . . . 2 1 . . . 3 . Build 23 | . . . . . . . . 1 . . . 1 3 . . . . 4 . . . . 3 . 5 . . . . 2 1 . . . 3 . Repair Station Hacks 43 | . . . . . . . 4 3 . . . . 3 . . . . 2 . . . . 4 . 6 2 . . . 7 . . . . 9 3 Scan Component 19 | . . . . . . . 2 1 . . . . 1 . . . . 1 . . . . 2 . 3 1 . . . 3 . . . . 4 1 Repair 19 | . . . . . . . 2 1 . . . . 1 . . . . 1 . . . . 2 . 3 1 . . . 3 . . . . 4 1 Refit 5 | . . . . . . . . 1 . . . . 1 . . . . . . . . . . . . . . . . 1 . . . . 1 1 Recycling Unit Hacks 19 | . . . 1 . . . . 1 . . . 1 3 . . . . 4 . . . . 1 . 1 2 . . . 1 . . . . 3 1 Report Inventory 17 | . . . 1 . . . . 1 . . . 1 3 . . . . 4 . . . . 1 . 1 1 . . . 1 . . . . 2 1 Retrieve Components 2 | . . . . . . . . . . . . . . . . . . . . . . . . . . 1 . . . . . . . . 1 . Scanalyzer 96 | . . . 2 . . . 10 2 . . . . 10 . . . . 5 . . . . . . 17 . . . . 10 18 . 10 12 . . Insert Component 50 | . . . 1 . . . 5 1 . . . . 4 . . . . 3 . . . . . . 7 . . . . 5 7 . 6 11 . . Analyze 46 | . . . 1 . . . 5 1 . . . . 6 . . . . 2 . . . . . . 10 . . . . 5 11 . 4 1 . . Garrison Access Hacks 16 | . . . . . . . 1 1 . . . . 3 . . . . 4 . . . . 1 . . . . . 1 2 1 . . . 2 . Seal Access 16 | . . . . . . . 1 1 . . . . 3 . . . . 4 . . . . 1 . . . . . 1 2 1 . . . 2 . Unauthorized Hacks 212 | . 4 . 10 . . . 9 8 . . . 1 25 . . . . 30 . . . . 18 . 17 8 . . 4 11 14 . 10 19 15 9 Terminals 129 | . 2 . 8 . . . 7 4 . . . . 12 . . . . 15 . . . . 8 . 6 5 . . 4 6 13 . 9 17 7 6 Track 32 | . . . 1 . . . 1 . . . . . . . . . . 4 . . . . 1 . . 1 . . . . 6 . 4 8 3 3 Assimilate 21 | . . . 2 . . . 1 1 . . . . 5 . . . . 3 . . . . . . 2 . . . . 2 2 . 1 1 1 . Botnet 48 | . 2 . 3 . . . 4 2 . . . . 4 . . . . 5 . . . . 4 . 3 3 . . 2 3 3 . 3 3 2 2 Disrupt 10 | . . . 1 . . . . . . . . . . . . . . 2 . . . . . . . . . . 1 . 1 . . 4 . 1 Operators 17 | . . . 1 . . . 1 1 . . . . 2 . . . . 1 . . . . 3 . 1 1 . . 1 1 1 . 1 1 1 . Sabotage 1 | . . . . . . . . . . . . . 1 . . . . . . . . . . . . . . . . . . . . . . . Fabricators 36 | . . . . . . . . 3 . . . . 6 . . . . 6 . . . . 7 . 8 . . . . 2 1 . . . 3 . Report 5 | . . . . . . . . 1 . . . . 1 . . . . 1 . . . . 1 . 1 . . . . . . . . . . . Prioritize 15 | . . . . . . . . 1 . . . . 1 . . . . 2 . . . . 2 . 3 . . . . 2 1 . . . 3 . Liberate 4 | . . . . . . . . . . . . . . . . . . 1 . . . . 1 . 2 . . . . . . . . . . . Haulers 4 | . . . . . . . . . . . . . 1 . . . . 1 . . . . 1 . 1 . . . . . . . . . . . Recompile 8 | . . . . . . . . 1 . . . . 3 . . . . 1 . . . . 2 . 1 . . . . . . . . . . . Repair Stations 1 | . . . . . . . . . . . . . 1 . . . . . . . . . . . . . . . . . . . . . . . Mechanics 1 | . . . . . . . . . . . . . 1 . . . . . . . . . . . . . . . . . . . . . . . Recycling Units 41 | . 2 . 2 . . . 2 1 . . . 1 6 . . . . 9 . . . . 3 . 3 3 . . . 3 . . . . 3 3 Monitor 1 | . . . . . . . . . . . . . . . . . . . . . . . . . . 1 . . . . . . . . . . Reject 13 | . . . . . . . . . . . . . 3 . . . . 4 . . . . 1 . 1 1 . . . 1 . . . . 1 1 Recyclers 7 | . . . . . . . . . . . . . 1 . . . . 1 . . . . 1 . 1 . . . . 1 . . . . 1 1 Mask 12 | . . . . . . . . . . . . . 2 . . . . 4 . . . . 1 . 1 1 . . . 1 . . . . 1 1 Tunnel 8 | . 2 . 2 . . . 2 1 . . . 1 . . . . . . . . . . . . . . . . . . . . . . . . Scanalyzers 2 | . . . . . . . . . . . . . . . . . . . . . . . . . . . . . . . . . 1 1 . . Researchers 2 | . . . . . . . . . . . . . . . . . . . . . . . . . . . . . . . . . 1 1 . . Garrison Access 3 | . . . . . . . . . . . . . . . . . . . . . . . . . . . . . . . . . . 1 2 . Reprogram 2 | . . . . . . . . . . . . . . . . . . . . . . . . . . . . . . . . . . 1 1 . Watchers 1 | . . . . . . . . . . . . . . . . . . . . . . . . . . . . . . . . . . . 1 . Data Cores Recovered 1 | . . . . . . . . . . . . . . . . . . . . . . . . . . . . . . . . . 1 . . . Used 1 | . . . . . . . . . . . . . . . . . . . . . . . . . . . . . . . . . 1 . . . Hacking Detections 145 | . 5 . 8 . . . 9 7 . . . 1 18 . . . . 13 . . . . 6 . 14 5 1 . 2 10 9 3 7 9 12 6 Full Trace Events 14 | . . . . . . . . . . . . 1 1 . . . . 1 . . . . 1 . 2 . . . . 2 1 . . 2 3 . Feedback Events 1 | . . . . . . . . . . . . . 1 . . . . . . . . . . . . . . . . . . . . . . . Hackware Fried 1 | . . . . . . . . . . . . . 1 . . . . . . . . . . . . . . . . . . . . . . . Feedback Blocked . | . . . . . . . . . . . . . . . . . . . . . . . . . . . . . . . . . . . . . Robot Schematics Acquired 8 | . . . . . . . . . . . 3 . . . . 3 . . . . . . . . 1 . . . . 1 . . . . . . Robots Built 4 | . . . . . . . . . . . . . . . . . . 1 . . . . . . 3 . . . . . . . . . . . Authchips . | . . . . . . . . . . . . . . . . . . . . . . . . . . . . . . . . . . . . . Time 220 | . . . . . . . . . . . . . . . . . . 33 . . . . . . 187 . . . . . . . . . . . Total Robot Build Rating 25 | . . . . . . . . . . . . . . . . . . 4 . . . . . . 21 . . . . . . . . . . . Part Schematics Acquired 95 | . 2 . 1 . . . 4 2 . . 9 . 11 . . 11 . 9 . . . . 7 . 7 3 . . . 7 12 3 4 2 1 . Parts Built 25 | . . . . . . . . 1 . . . 2 5 . . . . 3 . . . . 3 . 5 . . . . 2 1 . . . 3 . Authchips 8 | . . . . . . . . 1 . . . . 2 . . . . 2 . . . . 2 . 1 . . . . . . . . . . . Time 1178 | . . . . . . . . 51 . . . 53 170 . . . . 239 . . . . 96 . 359 . . . . 83 37 . . . 90 . Total Part Build Rating 180 | . . . . . . . . 8 . . . 12 34 . . . . 20 . . . . 22 . 39 . . . . 16 9 . . . 20 . Parts Repaired 19 | . . . . . . . 2 1 . . . . 1 . . . . 1 . . . . 2 . 3 1 . . . 3 . . . . 4 1 Time 846 | . . . . . . . 98 108 . . . . 16 . . . . 16 . . . . 143 . 122 62 . . . 95 . . . . 164 22 Parts Recycled . | . . . . . . . . . . . . . . . . . . . . . . . . . . . . . . . . . . . . . Recycled Matter . | . . . . . . . . . . . . . . . . . . . . . . . . . . . . . . . . . . . . . Retrieved Matter . | . . . . . . . . . . . . . . . . . . . . . . . . . . . . . . . . . . . . . Retrieved Components 3 | . . . . . . . . . . . . . . . . . . . . . . . . . . 1 . . . . . . . . 2 . Parts Scanalyzed 36 | . . . 1 . . . 5 1 . . . . 4 . . . . 2 . . . . . . 7 . . . . 5 7 . 3 1 . . Part Schematics Acquired 35 | . . . 1 . . . 4 1 . . . . 4 . . . . 2 . . . . . . 7 . . . . 5 7 . 3 1 . . Parts Damaged 5 | . . . . . . . 1 1 . . . . 1 . . . . . . . . . . . 1 . . . . 1 . . . . . . Bothacking | -11 -10 -10 -9 -9 -9 -8 -8 -7 -7 -7 -7 -6 -6 -6 -6 -6 -5 -5 -5 -5 -5 -4 -4 -4 -4 -4 -4 -4 -4 -3 -3 -2 -2 -2 -1 -1 ------------ Run | Scr Mat Min Mat Min Exi Min Mat Fac Low Low Dat Pro Fac Low Low Zio Pro Fac Upp Upp War Pro Fac Was Fac Ext Cet Arc Hub Res Tes Res Qua Sec Acc Com Used RIF Installer . | . . . . . . . . . . . . . . . . . . . . . . . . . . . . . . . . . . . . . Robots Hacked 7 | . . . . . 4 . . . . . 1 . . . . . . . . . . . . . . . . . . . . . . . . 2 Non-combat 3 | . . . . . 3 . . . . . . . . . . . . . . . . . . . . . . . . . . . . . . . Combat 3 | . . . . . 1 . . . . . 1 . . . . . . . . . . . . . . . . . . . . . . . . 1 Robot Hacks Applied 6 | . . . . . 4 . . . . . 1 . . . . . . . . . . . . . . . . . . . . . . . . 1 parse_system 6 | . . . . . 4 . . . . . 1 . . . . . . . . . . . . . . . . . . . . . . . . 1 Manual 1 | . . . . . . . . . . . . . . . . . . . . . . . . . . . . . . . . . . . . 1 Relay Couplers Released . | . . . . . . . . . . . . . . . . . . . . . . . . . . . . . . . . . . . . . Fabnet Peak Effective % . | . . . . . . . . . . . . . . . . . . . . . . . . . . . . . . . . . . . . . Robots Rewired 30 | . . . . . . . . . . . . 11 1 . . . . . . . . . . . . 18 . . . . . . . . . . Allies Hacked 2 | . . . . . . . . . . . . . . . . . . . . . . . . . . . . . . . . . . 1 1 . Hacks Repelled 1 | . . . . . . . . . . . . . . . . . . . . . . . . . 1 . . . . . . . . . . . Allies | -11 -10 -10 -9 -9 -9 -8 -8 -7 -7 -7 -7 -6 -6 -6 -6 -6 -5 -5 -5 -5 -5 -4 -4 -4 -4 -4 -4 -4 -4 -3 -3 -2 -2 -2 -1 -1 -------- Run | Scr Mat Min Mat Min Exi Min Mat Fac Low Low Dat Pro Fac Low Low Zio Pro Fac Upp Upp War Pro Fac Was Fac Ext Cet Arc Hub Res Tes Res Qua Sec Acc Com Total Allies 100 | . . 4 1 . . . 1 1 . . . 12 5 . . 6 . 6 . . . . . 20 4 23 5 . . 1 2 . 1 4 4 . Largest Group 19 | . . 3 3 1 . . 1 1 1 1 1 7 8 . . 6 6 7 . . . . . 19 15 12 8 8 4 1 3 2 1 3 4 . Highest-Rated Group 702 | . . 63 63 13 . . 10 10 10 10 10 238 283 . . 168 168 216 . . . . . 702 560 617 678 678 339 45 135 90 45 209 233 . Highest-Rated Ally 159 | . . 31 31 13 . . 10 10 10 10 10 96 96 . . 31 31 41 . . . . . 50 50 159 159 159 96 45 45 45 45 82 69 . Total Orders 27 | . . . 2 . . . 7 . 2 1 1 . 4 . . . . . . . . . . . 2 . . . . 2 5 . . . 1 . STAY 15 | . . . 1 . . . 4 . 1 1 . . 2 . . . . . . . . . . . 1 . . . . 1 3 . . . 1 . FOLLOW 12 | . . . 1 . . . 3 . 1 . 1 . 2 . . . . . . . . . . . 1 . . . . 1 2 . . . . . Ally Attacks 620 | . . 12 33 3 . . . . . . . 21 34 . . . 26 74 . . . . . 106 104 75 47 34 28 . . . . 7 16 . Total Damage 18887 | . . 130 362 31 . . . . . . . 611 946 . . . 469 1938 . . . . . 4492 2526 2388 1641 1139 1069 . . . . 237 908 . Kills 104 | . . 3 9 . . . . . . . . 7 4 . . . 5 17 . . . . . 9 10 12 9 5 6 . . . . 2 6 . Allies Corrupted 2 | . . . . . . . . . . . . . . . . . . . . . . . . . 2 . . . . . . . . . . . Allies Melted 2 | . . . . . . . . . . . . . . . . . . . . . . . . . . 1 . . . . . . . . 1 . Intel | -11 -10 -10 -9 -9 -9 -8 -8 -7 -7 -7 -7 -6 -6 -6 -6 -6 -5 -5 -5 -5 -5 -4 -4 -4 -4 -4 -4 -4 -4 -3 -3 -2 -2 -2 -1 -1 ------- Run | Scr Mat Min Mat Min Exi Min Mat Fac Low Low Dat Pro Fac Low Low Zio Pro Fac Upp Upp War Pro Fac Was Fac Ext Cet Arc Hub Res Tes Res Qua Sec Acc Com Robot Analysis Total 16 | . 1 . 2 . . . . 1 . . . . 1 . . . . 1 . . . . 3 . 1 1 . . . 1 2 . 1 1 . . Derelict Logs Recovered 14 | . . 1 . 1 . . . . 2 . . 3 . 1 2 . 2 . . 1 . 1 . . . . . . . . . . . . . . Drone Launches . | . . . . . . . . . . . . . . . . . . . . . . . . . . . . . . . . . . . . . Drone Recoveries . | . . . . . . . . . . . . . . . . . . . . . . . . . . . . . . . . . . . . . Exploration | -11 -10 -10 -9 -9 -9 -8 -8 -7 -7 -7 -7 -6 -6 -6 -6 -6 -5 -5 -5 -5 -5 -4 -4 -4 -4 -4 -4 -4 -4 -3 -3 -2 -2 -2 -1 -1 ------------- Run | Scr Mat Min Mat Min Exi Min Mat Fac Low Low Dat Pro Fac Low Low Zio Pro Fac Upp Upp War Pro Fac Was Fac Ext Cet Arc Hub Res Tes Res Qua Sec Acc Com Turns Passed 27386 | 55 898 931 2985 150 426 957 1988 935 488 393 37 1324 1333 451 515 322 992 1020 344 280 293 452 1232 183 1151 709 245 78 278 959 734 247 427 1882 1082 610 Spaces Moved 50478 | 43 658 620 1552 78 246 507 1033 2121 1417 1140 94 2515 3153 1227 1241 770 1823 2021 969 862 827 1007 2509 397 2882 956 221 146 711 2682 2162 942 1519 3978 3897 1552 Core 2 | 2 . . . . . . . . . . . . . . . . . . . . . . . . . . . . . . . . . . . . Treads 7 | . 5 . 1 . . 1 . . . . . . . . . . . . . . . . . . . . . . . . . . . . . . Legs . | . . . . . . . . . . . . . . . . . . . . . . . . . . . . . . . . . . . . . Wheels 4728 | 41 653 620 1551 78 246 506 1033 . . . . . . . . . . . . . . . . . . . . . . . . . . . . . Hover . | . . . . . . . . . . . . . . . . . . . . . . . . . . . . . . . . . . . . . Flight 45471 | . . . . . . . . 2121 1417 1140 94 2515 3153 1227 1241 770 1823 2021 969 862 827 1007 2509 397 2882 956 221 146 711 2682 2162 942 1519 3715 3890 1552 Fastest Speed 9 | 50 95 140 140 170 170 170 115 29 29 29 29 29 29 32 32 32 32 32 32 32 27 27 27 27 23 23 23 23 23 21 15 13 9 13 13 13 Average Speed 36 | 97 107 140 159 170 170 170 147 29 29 29 29 29 29 32 32 32 32 32 32 32 30 27 27 27 25 23 23 23 23 22 20 17 17 13 13 13 Slowest Speed 240 | 100 160 140 240 170 170 240 230 101 29 29 29 29 32 32 32 32 32 32 32 32 32 27 27 27 27 23 88 23 23 23 21 18 18 23 15 81 Overloaded Moves 1 | . . . . . . . . . . . . . . . . . . . . . . . . . . . . . . . . . 1 . . . Propulsion Burnouts . | . . . . . . . . . . . . . . . . . . . . . . . . . . . . . . . . . . . . . Robots Hopped 90 | . . . . . . . . 8 . . . . 13 . . . . 7 . . . . 4 . 14 11 . . . 7 3 4 1 4 9 5 Cave-ins Triggered 1 | . . . . . . . . . . . . . . . . . . . . . . . . . 1 . . . . . . . . . . . Teleports 1 | . . . . . . . . . . . . . . . . . . . . . . . . . . . . . . . . . . 1 . . Spacefolds 18 | . . . . . . . . . . . . . . . . . . . . . . . . . . . . . . . . . . 16 2 . Microwarps 11 | . . . . . . . . . . . . . . . . . . . . . . . . . . . . . . . . . . 11 . . Exploration Rate (%) 70 | 3 98 98 96 23 64 99 63 44 99 96 75 85 53 96 94 83 83 52 92 81 93 92 33 92 44 75 58 79 39 43 93 29 86 85 48 32 Regions Visited 36 Branch Regions 24 Pre-discovered Areas 14 | . 2 1 2 . 1 . 2 1 . . 1 1 . . . 3 . . . . . . . . . . . . . . . . . . . . Known Exits Taken 26 | . . . 1 . . . . 1 1 1 1 1 1 1 1 1 1 1 1 1 1 1 . . 1 1 1 1 1 1 1 1 1 1 . . Unknown Exits Taken 8 | 1 1 1 . 1 1 1 1 . . . . . . . . . . . . . . . . . . . . . . . . . . . 1 . Scrap Searched 39 | . . 1 . . . 1 . . 3 2 . 2 . 3 13 4 1 . 2 3 . 4 . . . . . . . . . . . . . . Spaces Dug 589 | . . . 6 . . . 13 23 5 11 . 42 29 14 41 . 25 38 9 . . 17 43 . 43 . . . 6 47 25 18 12 43 69 10 Terrain Destroyed 965 | . . . 33 . . . 36 23 6 11 . 43 29 14 41 . 25 46 9 . . 17 43 . 43 . . . 321 47 26 18 12 43 69 10 Melee 553 | . . . 6 . . . 13 23 5 11 . 42 29 14 30 . 22 30 9 . . 17 43 . 43 . . . 6 45 25 14 11 40 65 10 Projectile 25 | . . . . . . . 4 . . . . . . . 2 . 3 1 . . . . . . . . . . . 2 1 4 1 3 4 . AOE 387 | . . . 27 . . . 19 . 1 . . 1 . . 9 . . 15 . . . . . . . . . . 315 . . . . . . . Terrain Rammed . | . . . . . . . . . . . . . . . . . . . . . . . . . . . . . . . . . . . . . Walls Destroyed . | . . . . . . . . . . . . . . . . . . . . . . . . . . . . . . . . . . . . . Machines Disabled . | . . . . . . . . . . . . . . . . . . . . . . . . . . . . . . . . . . . . . Actions | -11 -10 -10 -9 -9 -9 -8 -8 -7 -7 -7 -7 -6 -6 -6 -6 -6 -5 -5 -5 -5 -5 -4 -4 -4 -4 -4 -4 -4 -4 -3 -3 -2 -2 -2 -1 -1 --------- Run | Scr Mat Min Mat Min Exi Min Mat Fac Low Low Dat Pro Fac Low Low Zio Pro Fac Upp Upp War Pro Fac Was Fac Ext Cet Arc Hub Res Tes Res Qua Sec Acc Com Total 57412 | 52 778 666 1906 88 251 573 1325 2383 1479 1180 101 3032 3463 1264 1306 845 2196 2320 983 867 869 1160 2943 472 3203 1383 401 184 796 2934 2404 995 1637 4901 4230 1842 Wait 4757 | . 50 28 137 . . 38 78 153 28 25 4 391 200 22 27 70 305 216 1 1 . 136 296 73 227 259 163 27 61 148 162 37 47 964 194 189 Move 50031 | 42 657 619 1551 77 245 506 1032 2107 1416 1139 93 2514 3129 1226 1240 769 1822 2006 968 861 826 1006 2501 396 2855 933 220 145 710 2667 2155 933 1516 3733 3873 1543 Hop 80 | . . . . . . . . 5 . . . . 10 . . . . 7 . . . . 4 . 11 11 . . . 7 3 4 1 4 9 4 Pick Up 262 | 3 8 6 24 1 . 1 23 14 8 2 . 16 18 1 1 2 14 9 . 2 5 . 7 1 13 3 2 2 . 12 11 1 12 24 9 7 Fast Attach 100 | 6 5 . 5 . . . 4 1 . . . 2 5 . . . . 3 1 . 12 . 5 . 5 3 . 1 1 6 7 1 8 8 8 3 Attach 97 | . . 1 3 . . . 7 9 . . . 1 7 . 1 1 1 5 . 1 2 . 5 . 5 3 1 1 . 3 2 1 1 17 7 12 Detach 39 | . 1 . 1 . . . 1 4 . . . 1 3 . . . 1 1 . 1 4 . 1 . 1 1 . . . . 2 . . 7 4 5 Swap 291 | 1 14 1 48 4 1 5 42 9 8 1 3 9 12 . 4 . 2 5 1 . 4 1 11 1 4 8 7 1 5 7 8 . 6 42 7 9 Drop 273 | . 7 2 22 1 . 1 14 25 8 2 . 18 18 1 . 2 13 5 . 1 16 . 5 1 8 1 2 3 2 15 18 . 21 19 12 10 Fire 273 | . 36 9 69 5 . 22 85 . 1 . . 3 . . 2 . 3 4 . . . . . . . . 2 . 4 3 2 4 1 4 4 10 Melee 962 | . . . 46 . 5 . 39 38 6 11 1 67 61 14 31 1 25 41 12 . . 17 72 . 55 29 4 4 13 66 34 14 24 79 103 50 Ram . | . . . . . . . . . . . . . . . . . . . . . . . . . . . . . . . . . . . . . Kick . | . . . . . . . . . . . . . . . . . . . . . . . . . . . . . . . . . . . . . Crush . | . . . . . . . . . . . . . . . . . . . . . . . . . . . . . . . . . . . . . Escape Stasis 145 | . . . . . . . . 18 . . . . . . . . . 18 . . . . 36 . 19 54 . . . . . . . . . . Rewire 78 | . . . . . . . . . . . . . . . . . . . . . . . . . . 78 . . . . . . . . . . Trap 24 | . . . . . . . . . 4 . . 10 . . . . 10 . . . . . . . . . . . . . . . . . . . Miscellaneous . | . . . . . . . . . . . . . . . . . . . . . . . . . . . . . . . . . . . . . Route ------- -11/Scrapyard -10/Materials (discovered 5 exits: *Mat x3 / [*Min x2]) -10/Mines (discovered 2 exits: *Mat x2) -9/Materials (discovered 4 exits: *Mat x3 / *Min) -9/Mines (discovered 2 exits: *Mat / *Exi) -9/Exiles -8/Mines (discovered 2 exits: *Mat x2) -8/Materials (discovered 5 exits: *Fac x3 / Sto x2) -7/Factory (discovered 2 exits: *Fac / *Low) -7/Lower Caves -7/Lower Caves (discovered 2 exits: *Fac / *Dat) -7/Data Miner -6/Proximity Caves -6/Factory (discovered 3 exits: *Fac / *Low x2) -6/Lower Caves -6/Lower Caves (discovered 2 exits: *Fac / *Zio) -6/Zion -5/Proximity Caves -5/Factory (discovered 3 exits: Fac / *Upp x2) -5/Upper Caves -5/Upper Caves (discovered 2 exits: *Fac / *War) -5/Warlord -4/Proximity Caves -4/Factory (discovered 4 exits: *Upp x2 / *Ext x2) -4/Waste -4/Factory (discovered 4 exits: Upp x2 / *Ext x2) -4/Extension (discovered 2 exits: *Res / *Cet) -4/Cetus -4/Archives (discovered 2 exits: *Hub x2) -4/Hub_04(d) (discovered 4 exits: *Res x4) -3/Research (discovered 4 exits: *Res / Arm / *Tes x2) -3/Testing -2/Research (discovered 3 exits: Acc / *Qua x2) -2/Quarantine (discovered 2 exits: *Acc / *Sec) -2/Section 7 -1/Access -1/Command Free Derelict Territories History --------- Turn | Location | Event 17 | -11/Scrapyard | Discovered new exit (range 15) 56 | -11/Scrapyard | Entered Materials 240 | -10/Materials | Discovered new exit (range 15) 307 | -10/Materials | Build established: Mutant 355 | -10/Materials | Central database locked down 374 | -10/Materials | Discovered new exit (range 7) 497 | -10/Materials | Discovered new exit (range 16) 744 | -10/Materials | Discovered new exit (range 10) 936 | -10/Materials | Discovered new exit (range 8) 954 | -10/Materials | Entered Mines 959 | -10/Mines | Assisted by bots powering up and referring to "LRC-V3" 1230 | -10/Mines | Found a damaged Exp. Sensor Array with a note attached 1234 | -10/Mines | Found Prototype Device 1380 | -10/Mines | Discovered new exit (range 5) 1402 | -10/Mines | Learned location of Storage (-8) 1612 | -10/Mines | Discovered new exit (range 9) 1792 | -10/Mines | Received a Mining Laser from a helpful Derelict 1885 | -10/Mines | Entered Materials 1885 | -9/Materials | Accompanied by 3 allies 1885 | -9/Materials | Evolved 2 slots: Utility x2 2009 | -9/Materials | Discovered new exit (range 16) 2072 | -9/Materials | Identified exit to Mines 2919 | -9/Materials | Identified Exp. Sensor Array 3257 | -9/Materials | Discovered new exit (range 6) 4389 | -9/Materials | Discovered new exit (range 13) 4677 | -9/Materials | Discovered new exit (range 4) 4870 | -9/Materials | Entered Mines 4870 | -9/Mines | Accompanied by 1 ally 4881 | -9/Mines | Learned Materials non-interactive machine intel 4887 | -9/Mines | Met a Derelict bent on vengeance 4889 | -9/Mines | Discovered new exit (range 16) 4896 | -9/Mines | Received a Rocket Launcher from a helpful Derelict 4999 | -9/Mines | Assembled infested the area 5004 | -9/Mines | Assisted by a Guerilla fighting off Assembled 5013 | -9/Mines | Deemed a non-threat by the Exiles lab entrance 5013 | -9/Mines | Discovered new exit (range 5) 5020 | -9/Mines | Entered Exiles 5070 | -9/Exiles | Met 8R-AWN 5102 | -9/Exiles | Met EX-HEX 5169 | -9/Exiles | Met EX-DEC 5220 | -9/Exiles | Learned location of Zion (-6) 5251 | -9/Exiles | Met EX-BIN 5375 | -9/Exiles | Discovered new exit (range 12) 5446 | -9/Exiles | Entered Mines 6165 | -8/Mines | Discovered new exit (range 14) 6394 | -8/Mines | Discovered new exit (range 6) 6403 | -8/Mines | Entered Materials 6403 | -8/Materials | Evolved 2 slots: Propulsion x1, Utility x1 6404 | -8/Materials | Loaded intel: 41 non-interactive machine locations 6772 | -8/Materials | Discovered new exit (range 11) 6907 | -8/Materials | Identified exit to Storage 7096 | -8/Materials | Lost 3 parts (1n1u1w) 7117 | -8/Materials | Discovered new exit (range 12) 7342 | -8/Materials | Repaired Hrd. Medium Armor Plating 7408 | -8/Materials | Repaired Enh. Autogun 8103 | -8/Materials | Discovered new exit (range 16) 8391 | -8/Materials | Entered Factory 8391 | -7/Factory | Evolved 2 slots: Propulsion x1, Utility x1 8454 | -7/Factory | Garrison activated, responded to threat 8759 | -7/Factory | Build established: Hacker-Sprinter 8817 | -7/Factory | Repaired Exp. Sensor Array? 8880 | -7/Factory | Discovered new exit (range 5) 8881 | -7/Factory | Identified exit to Lower Caves 9112 | -7/Factory | Discovered new exit (range 6) 9115 | -7/Factory | Identified exit to Factory 9142 | -7/Factory | Fabricated Exp. Sensor Array (x1) 9326 | -7/Factory | Entered Lower Caves 9326 | -7/Lower Caves | Accompanied by 1 ally 9374 | -7/Lower Caves | Learned Factory garrison access intel 9470 | -7/Lower Caves | Identified exit to Lower Caves 9513 | -7/Lower Caves | Learned Research stockpile data 9513 | -7/Lower Caves | Learned Research garrison access intel 9814 | -7/Lower Caves | Entered another Lower Caves area 9814 | -7/Lower Caves | Accompanied by 1 ally 9831 | -7/Lower Caves | Discovered exit to Factory (range 4) 10128 | -7/Lower Caves | Discovered new exit (range 5) 10132 | -7/Lower Caves | Identified exit to Data Miner 10207 | -7/Lower Caves | Entered Data Miner 10207 | -7/Data Miner | Accompanied by 1 ally 10209 | -7/Data Miner | Discovered new exit (range 6) 10212 | -7/Data Miner | Identified exit to Proximity Caves 10216 | -7/Data Miner | Met Data Miner 10225 | -7/Data Miner | Learned location of Section 7 (-2) 10225 | -7/Data Miner | Acquired the access code to Warlord's prototype stash 10230 | -7/Data Miner | Received God Mode back door access code from Data Miner 10244 | -7/Data Miner | Entered Proximity Caves 10244 | -6/Proximity Caves | Accompanied by 1 ally 10268 | -6/Proximity Caves | Learned Factory emergency access door positions 10449 | -6/Proximity Caves | Spotted B-75 Beast 10696 | -6/Proximity Caves | Escorted by Enhanced Grunt 10734 | -6/Proximity Caves | Learned Factory emergency access door positions 11136 | -6/Proximity Caves | Snuck into a huge 0b10 base via the rear entrance 11513 | -6/Proximity Caves | Fabricated Adv. System Restoration Module (x2) 11568 | -6/Proximity Caves | Entered Factory 11568 | -6/Factory | Accompanied by 6 allies 11568 | -6/Factory | Evolved 2 slots: Utility x2 11570 | -6/Factory | Loaded intel: 4 garrison access locations 11574 | -6/Factory | Identified exit to Lower Caves 11747 | -6/Factory | Hacking Suite fried by hacking feedback 11816 | -6/Factory | Repaired Mni. Grenade Launcher? 11940 | -6/Factory | Incoming investigation squad redirected 12104 | -6/Factory | Discovered new exit (range 12) 12132 | -6/Factory | Garrison activated, responded to threat 12270 | -6/Factory | P-60 Hacker assimilated allied Administrator 5a 12380 | -6/Factory | Fabricated Adv. Hacking Suite (x1) 12521 | -6/Factory | Incoming investigation squad redirected 12560 | -6/Factory | Incoming investigation squad redirected 12709 | -6/Factory | Fabricated Nuclear Pulse Array (x2) 12841 | -6/Factory | Fabricated Q-thruster (x2) 12901 | -6/Factory | Entered Lower Caves 12973 | -6/Lower Caves | Encountered a Warlord checkpoint 13283 | -6/Lower Caves | Discovered new exit (range 15) 13298 | -6/Lower Caves | Identified exit to Lower Caves 13308 | -6/Lower Caves | Learned 4 Factory zone layouts 13352 | -6/Lower Caves | Entered another Lower Caves area 13364 | -6/Lower Caves | Discovered new exit (range 13) 13376 | -6/Lower Caves | Identified exit to Factory 13397 | -6/Lower Caves | Learned Factory stockpile data 13846 | -6/Lower Caves | Learned Factory stockpile data 13856 | -6/Lower Caves | Discovered new exit (range 12) 13860 | -6/Lower Caves | Identified exit to Zion 13867 | -6/Lower Caves | Entered Zion 13890 | -6/Zion | Given A8's code to call for help 13899 | -6/Zion | Discovered new exit (range 12) 13933 | -6/Zion | Gained Derelict followers 14010 | -6/Zion | Acquired unknown access codes intercepted by a Zionite 14079 | -6/Zion | Found GAL Module 14147 | -6/Zion | Identified exit to Proximity Caves 14189 | -6/Zion | Entered Proximity Caves 14189 | -5/Proximity Caves | Accompanied by 6 allies 14211 | -5/Proximity Caves | Found Alien Artifact 14600 | -5/Proximity Caves | Learned Factory interactive machine intel 14613 | -5/Proximity Caves | Discovered exit to Factory (range 15) 14622 | -5/Proximity Caves | Learned location of 1 exit from Factory 15181 | -5/Proximity Caves | Entered Factory 15181 | -5/Factory | Accompanied by 5 allies 15181 | -5/Factory | Evolved 2 slots: Utility x2 15182 | -5/Factory | Identified exit to Factory 15183 | -5/Factory | Identified exit to Upper Caves 15186 | -5/Factory | Loaded intel: 52 interactive machine locations 15279 | -5/Factory | Fabricated Adv. Hacking Suite (x1) 15463 | -5/Factory | Identified Dimensional Node Initializer 15474 | -5/Factory | Build established: Wizard-Sprinter 15510 | -5/Factory | Repaired Mni. Grenade Launcher 15645 | -5/Factory | Fabricated I-36 Angel (x1) 15794 | -5/Factory | Incoming investigation squad redirected 15871 | -5/Factory | Spotted B-75 Beast 16081 | -5/Factory | Search patrols dispatched 16089 | -5/Factory | Fabricated Exp. Hacking Suite (x1) 16183 | -5/Factory | Fabricated Exp. Hacking Suite (x1) 16201 | -5/Factory | Entered Upper Caves 16203 | -5/Upper Caves | Attracted the attention of an 0b10 checkpoint 16241 | -5/Upper Caves | Encountered a Warlord checkpoint 16481 | -5/Upper Caves | Build established: Hacker-Sprinter 16484 | -5/Upper Caves | Discovered new exit (range 11) 16488 | -5/Upper Caves | Identified exit to Upper Caves 16545 | -5/Upper Caves | Entered another Upper Caves area 16572 | -5/Upper Caves | Discovered exit to Factory (range 13) 16707 | -5/Upper Caves | Identified exit to Warlord 16709 | -5/Upper Caves | Encountered a Warlord checkpoint 16825 | -5/Upper Caves | Entered Warlord 16886 | -5/Warlord | Learned Research trap positions 16902 | -5/Warlord | Build established: Wizard-Sprinter 16984 | -5/Warlord | Warlord's base attacked by MAIN.C 17006 | -5/Warlord | Met Warlord 17009 | -5/Warlord | Opened Warlord's prototype stash 17026 | -5/Warlord | Found Prototype Device 17026 | -5/Warlord | Identified Exp. Phase Shifter 17031 | -5/Warlord | Found Prototype Device 17031 | -5/Warlord | Identified Exp. Focal Shield 17035 | -5/Warlord | Found Ghost Barrier 17074 | -5/Warlord | Found Prototype Energy Cannon 17075 | -5/Warlord | Identified Vortex Cannon 17079 | -5/Warlord | Found Vortex Cannon 17081 | -5/Warlord | Found Prototype Launcher 17081 | -5/Warlord | Identified Vortex Catalyst Activator 17109 | -5/Warlord | Opened side exit 17114 | -5/Warlord | Discovered new exit (range 9) 17116 | -5/Warlord | Identified exit to Proximity Caves 17118 | -5/Warlord | Entered Proximity Caves 17166 | -4/Proximity Caves | Learned Research interactive machine intel 17483 | -4/Proximity Caves | Discovered exit to Factory (range 15) 17570 | -4/Proximity Caves | Entered Factory 17570 | -4/Factory | Evolved 2 slots: Power x1, Utility x1 17605 | -4/Factory | Discovered new exit (range 13) 17614 | -4/Factory | Identified exit to Upper Caves 17739 | -4/Factory | Discovered new exit (range 12) 18113 | -4/Factory | Fabricated Plasma Lance (x1) 18380 | -4/Factory | Identified exit to Extension 18418 | -4/Factory | Repaired Lyr. Light Armor Plating? 18450 | -4/Factory | Fabricated Exp. EM Disruption Field (x1) 18535 | -4/Factory | Cargo convoy interrupted 18580 | -4/Factory | Fabricated Exp. Signal Interpreter (x1) 18594 | -4/Factory | Repaired Plasma Lance? 18802 | -4/Factory | Manually triggered Chute Trap 18802 | -4/Factory | Sucked down chute 18802 | -4/Factory | Entered Waste 18803 | -4/Waste | Met a frightened Derelict 18808 | -4/Waste | Spotted C-40 Crusher 18811 | -4/Waste | Spotted C-40 Crusher 18814 | -4/Waste | Spotted C-40 Crusher 18818 | -4/Waste | Spotted C-40 Crusher 18819 | -4/Waste | Discovered new exit (range 14) 18849 | -4/Waste | Spotted C-40 Crusher 18853 | -4/Waste | Spotted C-40 Crusher 18874 | -4/Waste | Warlord forces began an assault 18890 | -4/Waste | Allies destroyed C-40 Crusher 18898 | -4/Waste | Allies destroyed C-40 Crusher 18909 | -4/Waste | Allies destroyed C-40 Crusher 18911 | -4/Waste | Allies destroyed C-40 Crusher 18939 | -4/Waste | Identified exit to Factory 18985 | -4/Waste | Entered Factory 18985 | -4/Factory | Accompanied by 16 allies 19112 | -4/Factory | Repaired Med. Storage Unit? 19190 | -4/Factory | Repaired Mic. Fission Core? 19217 | -4/Factory | Fabricated Exp. Reaction Control System (x1) 19237 | -4/Factory | Incoming investigation squad redirected 19410 | -4/Factory | Fabricated G-67 Veteran (x3) 19523 | -4/Factory | Fabricated Imp. Q-thruster (x1) 19537 | -4/Factory | Crushed by falling debris 19657 | -4/Factory | Repaired Exp. Propulsion Shielding? 19819 | -4/Factory | Fabricated Adv. System Restoration Module (x2) 20107 | -4/Factory | Fabricated Imp. Q-thruster (x1) 20136 | -4/Factory | Entered Extension 20181 | -4/Extension | Rescued a captive Derelict 20250 | -4/Extension | Rescued a captive Derelict 20251 | -4/Extension | Rescued a captive Derelict 20374 | -4/Extension | Spotted B-86 Titan 20376 | -4/Extension | Spotted B-86 Titan 20389 | -4/Extension | Rescued a captive Derelict 20581 | -4/Extension | Repaired Adv. Reaction Control System 20726 | -4/Extension | Rescued A7 20796 | -4/Extension | Disrupted transfer network 20807 | -4/Extension | Discovered new exit (range 10) 20808 | -4/Extension | Discovered new exit (range 6) 20835 | -4/Extension | Identified exit to Cetus 20845 | -4/Extension | Entered Cetus 20845 | -4/Cetus | Accompanied by 8 allies (A7) 20850 | -4/Cetus | Acquired a Cetus Manufacturing Module code from A7 20880 | -4/Cetus | Spotted Cetus Guard 20880 | -4/Cetus | Spotted Cetus Guard 20881 | -4/Cetus | Spotted Cetus Guard 20881 | -4/Cetus | Spotted Cetus Guard 20889 | -4/Cetus | Allies destroyed Cetus Guard 20890 | -4/Cetus | Allies destroyed Cetus Guard 20902 | -4/Cetus | Destroyed Cetus Guard 20903 | -4/Cetus | Allies destroyed Cetus Guard 20927 | -4/Cetus | Started Cetus Manufacturing Module 20949 | -4/Cetus | Escorted A7 to Cetus Mainframe 20952 | -4/Cetus | Manufactured an Enhanced Grunt 20963 | -4/Cetus | Discovered new exit (range 16) 20977 | -4/Cetus | Manufactured an Enhanced Grunt 21002 | -4/Cetus | Manufactured an Enhanced Grunt 21027 | -4/Cetus | Manufactured an Enhanced Grunt 21052 | -4/Cetus | Manufactured an Enhanced Grunt 21059 | -4/Cetus | Identified exit to Archives 21090 | -4/Cetus | Entered Archives 21090 | -4/Archives | Accompanied by 8 allies (A7) 21095 | -4/Archives | Received a hacking code to weaken MAIN.C 21125 | -4/Archives | Discovered new exit (range 15) 21128 | -4/Archives | Found Prototype Device 21128 | -4/Archives | Identified Exp. Thermal Shield 21143 | -4/Archives | Discovered new exit (range 14) 21157 | -4/Archives | Identified exit to Hub_04(d) 21168 | -4/Archives | Entered Hub_04(d) 21168 | -4/Hub_04(d) | Accompanied by 4 allies 21330 | -4/Hub_04(d) | Identified exit to Research 21387 | -4/Hub_04(d) | Network Hub disabled 21414 | -4/Hub_04(d) | Network Hub disabled 21414 | -4/Hub_04(d) | Spotted Lightning 21414 | -4/Hub_04(d) | Spotted Lightning 21414 | -4/Hub_04(d) | Spotted Lightning 21446 | -4/Hub_04(d) | Entered Research 21446 | -3/Research | Evolved 2 slots: Propulsion x2 21447 | -3/Research | Loaded intel: 66 trap records 21449 | -3/Research | Loaded intel: 40 interactive machine locations 21450 | -3/Research | Loaded intel: 4 garrison access locations 21489 | -3/Research | Repaired Exp. Propulsion Shielding? 21509 | -3/Research | Found Exp. ECM Suite 21530 | -3/Research | Repaired Exp. Cooling System? 21537 | -3/Research | Identified exit to Armory 21537 | -3/Research | Identified exit to Testing 21543 | -3/Research | Found Prototype Slashing Weapon 21562 | -3/Research | Discovered new exit (range 16) 21565 | -3/Research | Identified exit to Research 21571 | -3/Research | Identified Nanosword 21577 | -3/Research | Incoming investigation squad redirected 21596 | -3/Research | Fabricated Exp. Hacking Suite? 21629 | -3/Research | Found Nanosword 21650 | -3/Research | Fabricated Imp. Q-thruster? 21890 | -3/Research | Repaired Exp. EM Disruption Field? 22405 | -3/Research | Entered Testing 22405 | -3/Testing | Accompanied by 1 ally 22449 | -3/Testing | Spotted PL-Q534IXAPXK 22520 | -3/Testing | Found Prototype Device 22538 | -3/Testing | Identified Exp. Shield Generator 22762 | -3/Testing | Found Exp. System Shield 22777 | -3/Testing | Spotted PX-FZNKNA1D0N 23016 | -3/Testing | Found System Purifier 23030 | -3/Testing | Found Prototype Energy Cannon 23030 | -3/Testing | Identified Imp. Potential Cannon 23080 | -3/Testing | Found Exp. Hacking Suite 23100 | -3/Testing | Fabricated Exp. Q-thruster (x1) 23139 | -3/Testing | Entered Research 23139 | -2/Research | Accompanied by 2 allies 23139 | -2/Research | Warlord forces began assault on 0b10 23139 | -2/Research | Evolved 2 slots: Propulsion x1, Utility x1 23140 | -2/Research | Identified exit to Access 23151 | -2/Research | Identified exit to Quarantine 23226 | -2/Research | Met up with Warlord 23249 | -2/Research | Research machine network offline 23294 | -2/Research | Found Prototype Processor 23316 | -2/Research | Identified Spectral Analyzer 23386 | -2/Research | Entered Quarantine 23453 | -2/Quarantine | Found Alien Artifact 23456 | -2/Quarantine | Identified Terrabomb 23470 | -2/Quarantine | Found Alien Impact Weapon 23470 | -2/Quarantine | Identified Core Stripper 23496 | -2/Quarantine | Found Alien Artifact 23502 | -2/Quarantine | Identified Core Reset Matrix 23532 | -2/Quarantine | Found Alien Artifact 23532 | -2/Quarantine | Identified Phase Armor 23564 | -2/Quarantine | Found Alien Slashing Weapon 23564 | -2/Quarantine | Identified Sigix Broadsword 23600 | -2/Quarantine | Found Alien Artifact 23779 | -2/Quarantine | Identified Subatomic Replicator 23798 | -2/Quarantine | Spotted Fortress 23809 | -2/Quarantine | Discovered new exit (range 6) 23809 | -2/Quarantine | Identified exit to Section 7 23813 | -2/Quarantine | Entered Section 7 23839 | -2/Section 7 | Found Alien Artifact 23939 | -2/Section 7 | Identified Integrity Redistributor 24140 | -2/Section 7 | Initialized slip node 24352 | -2/Section 7 | Discovered exit to Access (range 14) 24373 | -2/Section 7 | Spotted B-90 Cyclops 24373 | -2/Section 7 | Spotted S7 Guard 24503 | -2/Section 7 | Found Alien Artifact 24526 | -2/Section 7 | Found Alien Artifact 24539 | -2/Section 7 | Identified Integrated Dissipator 24539 | -2/Section 7 | Identified Spacefold Activator 24541 | -2/Section 7 | Installed Integrated Dissipator, increased core heat dissipation (+20) 24709 | -2/Section 7 | Spotted S7 Guard 24711 | -2/Section 7 | Found Alien Artifact 24719 | -2/Section 7 | Identified Core Membrane 24719 | -2/Section 7 | Installed Core Membrane, gained immunity to corruption 24834 | -2/Section 7 | Incoming investigation squad redirected 24906 | -2/Section 7 | Spotted S7 Guard 24908 | -2/Section 7 | Found Alien Artifact 24917 | -2/Section 7 | Identified Core Regenerator 25127 | -2/Section 7 | Spotted S7 Guard 25128 | -2/Section 7 | Found Alien Artifact 25134 | -2/Section 7 | Identified Integrated Thermoelectric Network 25166 | -2/Section 7 | Incoming investigation squad redirected 25187 | -2/Section 7 | Installed Integrated Thermoelectric Network, gained heat-energy exchange potential 25255 | -2/Section 7 | Found Alien Artifact 25255 | -2/Section 7 | Identified Microwarp Drive 25335 | -2/Section 7 | Incoming investigation squad redirected 25469 | -2/Section 7 | Spotted B-99 Colossus 25480 | -2/Section 7 | Found Alien Artifact 25486 | -2/Section 7 | Found Alien Artifact 25489 | -2/Section 7 | Found Alien Artifact 25490 | -2/Section 7 | Found Alien Artifact 25564 | -2/Section 7 | Core integrity fell below 50% 25570 | -2/Section 7 | Identified Integrated Reactor 25570 | -2/Section 7 | Identified LRC Matter Compressor 25570 | -2/Section 7 | Identified LRC Boosters 25570 | -2/Section 7 | Identified LRC Insulator 25570 | -2/Section 7 | Installed Integrated Reactor, increased core energy generation (+10) 25572 | -2/Section 7 | Installed LRC Insulator, gained EM resistance (25) 25573 | -2/Section 7 | Installed LRC Matter Compressor, increased matter storage capacity (+125) 25574 | -2/Section 7 | Used Subatomic Replicator to replicate LRC Boosters 25575 | -2/Section 7 | Installed LRC Boosters, increased mass support (+10) 25577 | -2/Section 7 | Installed LRC Boosters, increased mass support (+10) 25591 | -2/Section 7 | Spotted Executioner 25591 | -2/Section 7 | Spotted Executioner 25598 | -2/Section 7 | Found Alien Artifact 25600 | -2/Section 7 | Found Alien Artifact 25612 | -2/Section 7 | Found Alien Artifact 25641 | -2/Section 7 | Found Integrated Reactor 25641 | -2/Section 7 | Installed Integrated Reactor, increased core energy generation (+10) 25657 | -2/Section 7 | Identified Hpw. Transdimensional Reconstructor (x2) 25657 | -2/Section 7 | Warped through subspace to slip node 25695 | -2/Section 7 | Entered Access 25695 | -1/Access | Evolved 2 slots: Utility x2 25703 | -1/Access | Spotted B-99 Colossus 25872 | -1/Access | Repaired Exp. Propulsion Shielding? 25918 | -1/Access | Repaired Exp. Shield Generator? 25937 | -1/Access | Build established: Wizard-Ninja 25944 | -1/Access | Central database locked down 26010 | -1/Access | Repaired Cld. Impulse Thruster? 26037 | -1/Access | Fabricated Exp. Utility Shielding? 26081 | -1/Access | Garrison activated, responded to threat 26106 | -1/Access | Fabricated Prc. Energy Filter (x1) 26117 | -1/Access | Fabricated Adv. Particle Accelerator (x1) 26413 | -1/Access | Build established: Wizard-Scout 26622 | -1/Access | Found Antimissile System 26715 | -1/Access | Repaired Antimissile System? 26776 | -1/Access | Discovered new exit (range 7) 26777 | -1/Access | Entered Command 26854 | -1/Command | Spotted B-99 Colossus 26858 | -1/Command | Spotted B-99 Colossus 26913 | -1/Command | Disengaged cave seal 26916 | -1/Command | Welcomed Warlord to Command 27021 | -1/Command | Spotted M Guard 27021 | -1/Command | Spotted M Guard 27021 | -1/Command | Spotted Combat Programmer 27021 | -1/Command | Spotted Combat Programmer 27027 | -1/Command | Search patrols dispatched 27032 | -1/Command | Repaired Mic. Antimatter Reactor? 27062 | -1/Command | Build established: Wizard-Sprinter 27063 | -1/Command | Destroyed Combat Programmer 27088 | -1/Command | Destroyed Combat Programmer 27103 | -1/Command | All MAIN.C guards destroyed 27112 | -1/Command | Found Prototype Energy Cannon 27112 | -1/Command | Identified Cld. Nova Cannon 27166 | -1/Command | Incoming investigation squad redirected 27166 | -1/Command | Destroyed B-99 Colossus 27238 | -1/Command | Warlord commented on Warlord statues 27347 | -1/Command | Met MAIN.C 27349 | -1/Command | Hacked MAIN.C using A7's code 27353 | -1/Command | 0b10 Conduit disabled 27358 | -1/Command | Destroyed MAIN.C Shell 27361 | -1/Command | MAIN.C activated Command garrisons 27387 | *** | Establishing Free Derelict Territories! Last Messages --------------- 27377_ MAIN.C knocked back. 27378_ MAIN.C reaction time slowed by virus. 27380_ Blast Slug penetrates 0b10 Conduit. 27380_ Blast Slug penetrates MAIN.C. 27380_ MAIN.C knocked back. 27381_ MAIN.C reaction time slowed by virus. 27382_ Knocked back. 27383_ Blast Slug penetrates MAIN.C. 27383_ Blast Slug penetrates 0b10 Conduit. 27383_ Blast Slug penetrates MAIN.C. 27385_ Vortex Cannon destroyed. 27385_ Knocked back. 27386_ Blast Slug penetrates MAIN.C. 27386_ MAIN.C: "I hope you know you're still going to DIE HERE WITH ME!" 27386_ MAIN.C destroyed. 27386_ Penetrated by Blast Slug. ZY-L1N: Victory! Sure there's still lots to do, but without MAIN.C at the helm 0b10 doesn't stand a chance. We've got this... Map ----- +----------------------------------------------------+ | ?????????????????????????????????????????????????? | | ?????????????????????????????????????????????????? | | ?????????????????????????????????????????????????? | | ?????????????????????????????????????????????????? | | ?????????????????????????????????????????????????? | | ?????????????????????????????????????????????????? | | ?????????????????????????????????????????????????? | | ?????????????????????????????????????????????????? | | ?????????????????????????????????????????????????? | | ?????????????????????????????????????????????????? | | ?????????????????????????????????????????????????? | | ?????????????????????????????????????????????????? | | ?????????????????????????????????????????????????? | | ?????????????????????????????????????????????????? | | ?????????????????????????????????????????????????? | | ?????????????????????????????????????????????????? | | ?????????????????????????????????????????????????? | | ?????????????????????????????????????????????????? | | ?????????????????????????????????????????????????? | | ????????####################?????????????????????? | | ??????""""""" """" #?????????????????????? | | ???????" "" #?????????????????????? | | ????????""" ####################### | | ??????"""""""""" % + # | | ?????#" " """ %% # | | ????????? """"" @ /W # | | ??????"" "" % ################### # | | ?????# " [ #?????????????????# # | | ?????# " " #?????????????????# # | | ?????# " % ""#?????????????????# T | | ?????#""""" " """#?????????????????#+++# | | ??????"" """""#?????????????????# | | ?????# """"""#?????????????????# | | ?????# " " " " #?????????????????# | | ?????# " " " " #?????????????????# | | ?????" " " " """" " #?????????????????# | | ?????" """ " " """" #?????????????????# | | ?????" " " " " #?????????????????##### | | ?????# """""""""" " #?????????????????????? | | ?????# " """ " """"""""#?????????????????????? | | ?????# ??" " " ? ???????????????????????? | | ?????#####??????#######??????????????????????????? | | ?????????????????????????????????????????????????? | | ?????????????????????????????????????????????????? | | ?????????????????????????????????????????????????? | | ?????????????????????????????????????????????????? | | ?????????????????????????????????????????????????? | | ?????????????????????????????????????????????????? | | ?????????????????????????????????????????????????? | | ?????????????????????????????????????????????????? | +----------------------------------------------------+ Best States ------------- Heat Dissipation 172 Coolant Potential 120 Energy Generation 63 Energy Capacity 1550 Matter Stores 425 Matter Capacity 425 Sight Range 24 Robot Scan Range 20 Terrain Scan Density 10 ECM Strength 3 Jamming Range 16 Additional Mass Support 12 Armor Coverage 375 Resistance: KI 30 Resistance: TH 30 Resistance: EM 100 Propulsion Shielding 90 Utility Shielding 90 Point Defense Rating 240 Phase Shifting 20 Evasion (%) 85 Targeting Accuracy 8 Melee Accuracy 8 Recoil Reduction 2 Energy Filtering 50 Particle Charging 50 Salvage Targeting 1 Offensive Hacking 62 Defensive Hacking 44 Authchip Count 1 Item Schematics ----------------- Hcp. Storage Unit | -10/Materials | Hacked Huge Storage Unit | -10/Materials | Hacked Exp. Sensor Array | -9/Materials | Scanalyzed Hacking Suite | -8/Materials | Scanalyzed Mni. Grenade Launcher | -8/Materials | Scanalyzed Imp. Datajack | -8/Materials | Scanalyzed System Restoration Module | -8/Materials | Scanalyzed Structural Scanner | -7/Factory | Scanalyzed Adv. System Restoration Module | -7/Factory | Hacked Combat Drone Bay | -7/Data Miner | Free Lgt. Regenerative Plating | -7/Data Miner | Free Biomechanical Wings | -7/Data Miner | Free Gravity Neutralizer | -7/Data Miner | Free Gui. EMP Blaster | -7/Data Miner | Free Nuclear Pulse Array | -7/Data Miner | Free Imp. Transmission Jammer | -7/Data Miner | Free Hvy. Phase Cannon | -7/Data Miner | Free Imp. Recalibrator | -7/Data Miner | Free Adv. Signal Interpreter | -6/Factory | Hacked Imp. Hacking Suite | -6/Factory | Hacked Imp. System Shield | -6/Factory | Hacked Enh. Optical Array | -6/Factory | Hacked Adv. Hacking Suite | -6/Factory | Hacked Energy Well | -6/Factory | Scanalyzed Adv. Shield Generator | -6/Factory | Hacked Adv. Reaction Control System | -6/Factory | Hacked Cld. Deuterium Engine | -6/Factory | Scanalyzed Imp. Propulsion Shielding | -6/Factory | Scanalyzed Q-thruster | -6/Factory | Scanalyzed Imp. Weapon Cycler | -6/Zion | Archive Adv. Field Recycling Unit | -6/Zion | Archive Cloaking Device | -6/Zion | Archive Field Propulsion Drive | -6/Zion | Archive Centrium Wheel | -6/Zion | Archive 0b10 Decoder Chip [Looter] | -6/Zion | Archive Recoil Nullifier | -6/Zion | Archive Hvy. Flak Cannon | -6/Zion | Archive Imp. Thermal Shield | -6/Zion | Archive System Guard | -6/Zion | Archive Variable Charge Gun | -6/Zion | Archive Centrium Greatsword | -5/Factory | Hacked Exp. Propulsion Shielding | -5/Factory | Hacked Mic. Fission Core | -5/Factory | Hacked Exp. Utility Shielding | -5/Factory | Hacked Exp. Power Shielding | -5/Factory | Hacked Cld. VTOL Module | -5/Factory | Scanalyzed Mni. Smartbomb Launcher | -5/Factory | Hacked Enh. Fission Core | -5/Factory | Scanalyzed Exp. Hacking Suite | -5/Factory | Hacked HERF Cannon | -4/Factory | Hacked Exp. Targeting Computer | -4/Factory | Hacked Fusion Bomb Launcher | -4/Factory | Hacked Exp. Signal Interpreter | -4/Factory | Hacked Plasma Lance | -4/Factory | Hacked Exp. EM Disruption Field | -4/Factory | Hacked Imp. Remote Force Field | -4/Factory | Hacked Imp. Q-thruster | -4/Factory | Scanalyzed Exp. Cooling System | -4/Factory | Scanalyzed Graphene Brace | -4/Factory | Scanalyzed Exp. Focal Shield | -4/Factory | Scanalyzed Exp. Phase Shifter | -4/Factory | Scanalyzed Exp. Reaction Control System | -4/Factory | Scanalyzed Adv. Thermal Defense Suite | -4/Factory | Scanalyzed Antimissile System | -4/Extension | Hacked Adv. Transmission Jammer | -4/Extension | Hacked Nanoactuators | -4/Extension | Hacked Nanosword | -3/Research | Scanalyzed Exp. ECM Suite | -3/Research | Scanalyzed Diametric Drive | -3/Research | Scanalyzed Centrium Medium Armor Plating | -3/Research | Scanalyzed Adv. Remote Shield | -3/Research | Scanalyzed Cmb. Linear Gravjet | -3/Research | Hacked Adv. Component Analysis Suite | -3/Research | Hacked Exp. Shield Generator | -3/Testing | Scanalyzed Exp. Q-thruster | -3/Testing | Hacked Exp. Transmission Jammer | -3/Testing | Hacked Cld. Phase Cannon | -3/Testing | Scanalyzed Neutron Missile Launcher | -3/Testing | Scanalyzed Gravity Flail | -3/Testing | Scanalyzed Cld. Impulse Thruster | -3/Testing | Scanalyzed Exp. Shock Absorption System | -3/Testing | Hacked Enh. Nova Cannon | -3/Testing | Hacked Cld. Field Propulsion Drive | -3/Testing | Scanalyzed Prc. Matter Filter | -3/Testing | Scanalyzed Mni. Fusion Reactor | -3/Testing | Hacked Prc. Energy Filter | -2/Research | Hacked Quantum Capacitor | -2/Research | Hacked Exp. Terrain Scanner | -2/Research | Hacked Exp. Gyrokinetic Inverter | -2/Quarantine | Hacked Exp. Energy Well | -2/Quarantine | Scanalyzed Spectral Analyzer | -2/Quarantine | Scanalyzed System Purifier | -2/Quarantine | Scanalyzed Imp. Energy Mantle | -2/Section 7 | Scanalyzed Adv. Particle Accelerator | -2/Section 7 | Hacked Exp. Force Field | -1/Access | Hacked Robot Schematics ------------------ Y-54 Guardian | -7/Data Miner | Free R-10 Processor | -7/Data Miner | Free B-48 Gladiator | -7/Data Miner | Free L-41 Fighter | -6/Zion | Archive T-07 Excavator | -6/Zion | Archive X-77 Beamer | -6/Zion | Archive P-70 Sage | -4/Factory | Hacked B-60 Warrior | -3/Research | Hacked Fabricated ------------ Exp. Sensor Array | x1 | -7/Factory | Authchip Adv. System Restoration Module | x2 | -6/Proximity Caves Adv. Hacking Suite | x1 | -6/Factory | Authchip Nuclear Pulse Array | x2 | -6/Factory | Authchip Q-thruster | x2 | -6/Factory | Preloaded Adv. Hacking Suite | x1 | -5/Factory | Authchip I-36 Angel | x1 | -5/Factory | Preloaded Exp. Hacking Suite | x1 | -5/Factory | Authchip Exp. Hacking Suite | x1 | -5/Factory Plasma Lance | x1 | -4/Factory | Authchip Exp. EM Disruption Field | x1 | -4/Factory Exp. Signal Interpreter | x1 | -4/Factory | Authchip Exp. Reaction Control System | x1 | -4/Factory | Preloaded G-67 Veteran | x3 | -4/Factory | Preloaded Imp. Q-thruster | x1 | -4/Factory | Authchip Adv. System Restoration Module | x2 | -4/Factory Imp. Q-thruster | x1 | -4/Factory Exp. Hacking Suite | x1 | -3/Research Imp. Q-thruster | x1 | -3/Research Exp. Q-thruster | x1 | -3/Testing Exp. Utility Shielding | x1 | -1/Access Prc. Energy Filter | x1 | -1/Access Adv. Particle Accelerator | x1 | -1/Access Alien Tech Used ----------------- Core Stripper Phase Armor Sigix Broadsword Dimensional Node Initializer Integrated Dissipator Spacefold Activator Core Membrane Integrated Thermoelectric Network Microwarp Drive Integrated Reactor LRC Insulator LRC Matter Compressor Subatomic Replicator LRC Boosters High-powered Transdimensional Reconstructor Achievements -------------- Speed Demon Challenges ------------ None Game ------ Seed PhysicsCorruptionNanovents Manual? 0 Play Time 09:40:39 Cumulative 396.2 hours Start 2022.06.16 @ 22:02:18 End 2022.06.17 @ 22:18:31 Sessions 7 Manual Loads 0 Difficulty Rogue Special Mode None Game No. 102 Rogue 102 Adventurer 0 Explorer 0 Win Type 7 Total 20 Types 15/1/3/0/0/0/0/1/0 Lore% 90 Gallery% 92 Achievement% 77 Wizard Run 0 Options --------- ASCII 0 Keyboard 0 Movement Numpad Keybinds 0 Fullscreen 1 Font 14/SmallcapsGlow Map View 84x54 Tactical HUD 1 Map Filters NONE Filters NONE Steam 1 RUN: effa4f10-721d-4466-a27f-328173b3e6b3